 Dungeon Crawl Stone Soup version 0.23-a0-436-g57debff (webtiles) character file.

23328514 ReniFell the Heavyweight Champion (level 27, 373/373 (377) HPs)
             Began as a Troll Monk on Nov 15, 2018.
             Was the Champion of Cheibriados.
             Escaped with the Orb
             ... and 15 runes on Nov 16, 2018!
             The game lasted 05:37:32 (64866 turns).

ReniFell the Heavyweight Champion (Troll Monk)     Turns: 64866, Time: 05:37:33

HP:   373/373 (377) AC: 35    Str: 47      XL:     27
MP:   39/39         EV: 34    Int: 30      God:    Cheibriados [******]
Gold: 4509          SH: 34    Dex: 26 (27) Spells: 29/53 levels left

rFire    + + .     SeeInvis +     - Unarmed
rCold    . . .     Gourm    +   u - +8 large shield {AC+3}
rNeg     + . .     Faith    .   (armour currently unavailable)
rPois    ∞         Spirit   .   Z - +0 mask of the Dragon {MR+ Slay+3 SInv}
rElec    +         Reflect  .   B - +2 cloak {rPois}
rCorr    .         Harm     .   (gloves unavailable)
MR       ++++.     Rnd*Tele +   (boots unavailable)
Stlth    +.........             n - amulet of regeneration
HPRegen  1.52/turn              l - +4 ring of slaying
MPRegen  0.26/turn              Y - ring of the Equinox {rF++ MR+ Str+5}

@: statue-form, very slow
A: large, unfitting armour, beak, claws 3, talons 1, deformed body,
deterioration 2, fast metabolism 3, frail 1, gourmand, regeneration 1,
teleportitis 1, no potion heal 1
0: Orb of Zot
}: 15/15 runes: decaying, serpentine, slimy, silver, golden, iron, obsidian,
icy, bone, abyssal, demonic, glowing, magical, fiery, dark
a: End Transformation, Bend Time, Temporal Distortion, Slouch, Step From Time,
Renounce Religion


You escaped.
You worshipped Cheibriados.
Cheibriados was exalted by your worship.
You were not hungry.
You were a stone statue.
You visited 18 branches of the dungeon, and saw 89 of its levels.
You visited Pandemonium 2 times, and saw 20 of its levels.
You visited the Abyss 1 time.
You visited 1 ziggurat, and saw 16 of its levels.
You also visited: Sewer, Ossuary, Bailey, Ice Cave and Wizlab.

You collected 8335 gold pieces.
You spent 3826 gold pieces at shops.

Inventory:

Missiles
 w - 13 throwing nets
 I - 121 large rocks (quivered)
Armour
 u - a +8 large shield of protection (worn)
 B - a +2 cloak of poison resistance (worn)
 F - the +4 moon troll leather armour (melded) {Spirit, Regen++ MP+5}
   (You found it on level 14 of a ziggurat)

   It affects your magic capacity (+5).
   It increases your rate of regeneration.
 K - a +1 robe of the Archmagi
 V - the +3 hat of Pondering {ponderous, MR+ MP+10 Int+5}
   (You took it off Gastronok on level 2 of the Lair of Beasts)

   It affects your intelligence (+5).
   It affects your resistance to hostile enchantments.
   It affects your magic capacity (+10).
 Z - the +0 mask of the Dragon (worn) {MR+ Slay+3 SInv}
   (You found it on level 5 of the Pits of Slime)

   It affects your accuracy and damage with ranged weapons and melee attacks
   (+3).
   It affects your resistance to hostile enchantments.
   It lets you see invisible.
Magical Staves
 U - an uncursed staff of wizardry
Jewellery
 i - the ring "Ynwuuts" {rCorr Dex+4}
   (You found it on level 1 of the Snake Pit)

   [ring of resist corrosion]

   It affects your dexterity (+4).
 l - a +4 ring of slaying (left claw)
 n - an amulet of regeneration (around neck)
 Q - the ring of Xaikki {rC+ rN+ Str-2 Int-4 Stlth+}
   (You bought it in a shop on level 11 of the Dungeon)

   [ring of strength]

   It affects your strength (-2).
   It affects your intelligence (-4).
   It protects you from cold.
   It protects you from negative energy.
   It makes you more stealthy.
 S - a +3 amulet of reflection
 T - a +5 ring of protection
 Y - the ring of the Equinox (right claw) {rF++ MR+ Str+5}
   (You bought it in a shop on level 11 of the Dungeon)

   [ring of protection from magic]

   It affects your strength (+5).
   It greatly protects you from fire.
   It affects your resistance to hostile enchantments.
Wands
 p - a wand of clouds (15)
 v - a wand of paralysis (29)
 D - a wand of acid (16)
 J - a wand of iceblast (49)
 M - a wand of enslavement (27)
 O - a wand of digging (11)
Scrolls
 a - a scroll of holy word
 d - 13 scrolls of identify
 e - 31 scrolls of teleportation
 f - 10 scrolls of fear
 h - 6 scrolls of blinking
 j - 4 scrolls of noise
 s - 3 scrolls of immolation
 y - 8 scrolls of fog
 E - 7 scrolls of enchant armour
 L - 2 scrolls of silence
 N - 25 scrolls of remove curse
 P - a scroll of magic mapping
 W - 7 scrolls of summoning
Potions
 c - 18 potions of curing
 k - 25 potions of lignification
 m - 11 potions of flight
 o - 4 potions of magic
 q - 6 potions of might
 r - 8 potions of heal wounds
 t - 13 potions of brilliance
 x - 2 potions of agility
 z - 8 potions of ambrosia
 G - 7 potions of invisibility
 X - 2 potions of resistance
Miscellaneous
 g - a figurine of a ziggurat
 C - 10 phantom mirrors
 H - a lamp of fire
Comestibles
 b - 49 rations


   Skills:
 O Level 27 Fighting
 + Level 25.9 Dodging
 - Level 1.0 Stealth
 - Level 15.7 Shields
 O Level 27 Unarmed Combat
 + Level 13.9 Spellcasting
 - Level 13.7 Necromancy
 - Level 13.2 Translocations
 - Level 11.9 Transmutations
 - Level 16.2 Earth Magic
 - Level 13.5 Invocations


You had 29 spell levels left.
You knew the following spells:

 Your Spells              Type           Power        Failure   Level  Hunger
a - Apportation           Tloc           ######       0%          1    None
b - Passwall              Tmut/Erth      #######.     0%          2    None
c - Statue Form           Tmut/Erth      #######..    1%          6    ####...
d - Passage of Golubria   Tloc           N/A          1%          4    None
f - Lesser Beckoning      Tloc           #######...   1%          3    None
s - Borgnjor's Vile Clut  Necr/Erth      #######...   1%          5    None
x - Regeneration          Chrm/Necr      ######....   1%          3    None

Your spell library contained the following spells:

 Spells                   Type           Power        Failure   Level  Hunger
 Animate Skeleton         Necr           N/A          0%          1    None
 Sandblast                Erth           ######       0%          1    None
 Blink                    Tloc           N/A          0%          2    None
 Corpse Rot               Necr           N/A          0%          2    None
 Sublimation of Blood     Necr           #######...   0%          2    None
 Beastly Appendage        Tmut           ######       1%          1    None
 Shroud of Golubria       Chrm/Tloc      ######....   1%          2    None
 Sticks to Snakes         Tmut           #######.     1%          2    None
 Gell's Gravitas          Tloc           #######...   1%          3    None
 Ignite Poison            Fire/Tmut/Pois #####...     1%          3    None
 Portal Projectile        Hex/Tloc       ######       1%          3    None
 Recall                   Summ/Tloc      N/A          1%          3    None
 Spider Form              Tmut/Pois      ######....   1%          3    None
 Stone Arrow              Conj/Erth      ######       1%          3    None
 Force Lance              Conj/Tloc      ######..     1%          4    None
 Ice Form                 Ice/Tmut       ######..     1%          4    None
 Leda's Liquefaction      Hex/Erth       ######....   1%          4    None
 Petrify                  Tmut/Erth      #######.     1%          4    None
 Agony                    Necr           #######.     1%          5    None
 Blade Hands              Tmut           #######...   1%          5    None
 Dispel Undead            Necr           #######.     1%          5    None
 Lee's Rapid Deconstruct  Erth           #######...   1%          5    None
 Dispersal                Tloc           #######...   1%          6    ####...
 Confusing Touch          Hex            ###...       2%          1    None
 Corona                   Hex            ###....      2%          1    None
 Flame Tongue             Conj/Fire      ###..        2%          1    None
 Freeze                   Ice            ###.         2%          1    None
 Infusion                 Chrm           ###.         2%          1    None
 Magic Dart               Conj           ###.         2%          1    None
 Shock                    Conj/Air       ###.         2%          1    None
 Sting                    Conj/Pois      ###.         2%          1    None
 Summon Butterflies       Summ           ###.....     2%          1    None
 Summon Small Mammal      Summ           ###.         2%          1    None
 Hydra Form               Tmut           #######...   2%          6    ####...
 Call Imp                 Summ           ###.....     3%          2    None
 Ensorcelled Hibernation  Hex/Ice        ###...       3%          2    None
 Poisonous Vapours        Pois/Air       ###...       3%          2    None
 Searing Ray              Conj           ###...       3%          2    None
 Song of Slaying          Chrm           ###.....     3%          2    None
 Swiftness                Chrm/Air       ###.....     3%          2    None
 Throw Flame              Conj/Fire      ###...       3%          2    None
 Throw Frost              Conj/Ice       ###...       3%          2    None
 Bolt of Draining         Conj/Necr      ######....   3%          5    None
 Excruciating Wounds      Chrm/Necr      ######....   3%          5    None
 Summon Forest            Summ/Tloc      ######....   4%          5    None
 Alistair's Intoxication  Tmut/Pois      ######..     5%          5    None
 Irradiate                Conj/Tmut      ######....   5%          5    None
 Yara's Violent Unravell  Hex/Tmut       ######....   5%          5    None
 Call Canine Familiar     Summ           ###.....     7%          3    None
 Confuse                  Hex            ###.....     7%          3    None
 Conjure Flame            Conj/Fire      ###.....     7%          3    None
 Dazzling Spray           Conj/Hex       ###...       7%          3    None
 Inner Flame              Hex/Fire       ###.....     7%          3    None
 Mephitic Cloud           Conj/Pois/Air  ###.....     7%          3    None
 Ozocubu's Armour         Chrm/Ice       ###.....     7%          3    None
 Spectral Weapon          Hex/Chrm       ###.....     7%          3    None
 Static Discharge         Conj/Air       ###.....     7%          3    None
 Summon Guardian Golem    Hex/Summ       ###.....     7%          3    None
 Tukima's Dance           Hex            ###.....     7%          3    None
 Bolt of Magma            Conj/Fire/Erth ######....   7%          5    None
 Iron Shot                Conj/Erth      ######....   13%         6    ####...
 Dragon Form              Tmut           #######...   14%         7    #####..
 Airstrike                Air            ###.......   24%         4    None
 Cause Fear               Hex            ###.......   24%         4    None
 Fulminant Prism          Conj/Hex       ###.......   24%         4    None
 Iskenderun's Mystic Bla  Conj           ###.....     24%         4    None
 Summon Ice Beast         Ice/Summ       ###.....     24%         4    None
 Summon Lightning Spire   Summ/Air       ###.....     24%         4    None
 Throw Icicle             Conj/Ice       ###.....     24%         4    None
 Aura of Abjuration       Summ           ###.......   54%         5    None
 Fireball                 Conj/Fire      ###.......   54%         5    None
 Iskenderun's Battlesphe  Conj/Chrm      ###.....     54%         5    None
 Lightning Bolt           Conj/Air       ###.......   54%         5    None
 Metabolic Englaciation   Hex/Ice        ###.......   54%         5    None
 Silence                  Hex/Air        ###.......   54%         5    None
 Summon Demon             Summ           ###.......   54%         5    None
 Summon Mana Viper        Hex/Summ       ###.....     54%         5    None
 Venom Bolt               Conj/Pois      ###.......   54%         5    None
 Controlled Blink         Tloc           N/A          54%         8    #######
 Disjunction              Tloc           #######...   54%         8    #######
 Shatter                  Erth           #######...   97%         9    #######
 Bolt of Cold             Conj/Ice       ###.......   98%         6    ####...
 Bolt of Fire             Conj/Fire      ###.......   98%         6    ####...
 Darkness                 Hex            ###.......   98%         6    ####...
 Freezing Cloud           Conj/Ice/Air   ###.......   98%         6    ####...
 Invisibility             Hex            ###.....     98%         6    ####...
 Poison Arrow             Conj/Pois      ###.......   98%         6    ####...
 Shadow Creatures         Summ           N/A          98%         6    ####...
 Lehudib's Crystal Spear  Conj/Erth      ######....   99%         8    #######
 Orb of Destruction       Conj           ###.......   100%        7    #####..
 Ring of Flames           Chrm/Fire      ###.......   100%        7    #####..
 Spellforged Servitor     Conj/Summ      ###.......   100%        7    #####..
 Summon Hydra             Summ           ###.......   100%        7    #####..
 Chain Lightning          Conj/Air       ###.......   100%        8    #######
 Ignition                 Fire           ###.......   100%        8    #######
 Dragon's Call            Summ           ###.......   100%        9    #######
 Fire Storm               Conj/Fire      ###.......   100%        9    #######
 Glaciate                 Conj/Ice       ###.......   100%        9    #######


Dungeon Overview and Level Annotations

Branches:
Dungeon (15/15)            Temple (1/1) D:4            Lair (6/6) D:11
  Swamp (4/4) Lair:4        Snake (4/4) Lair:4        Slime (5/5) Lair:6
    Orc (2/2) D:12            Elf (2/3) Orc:2        Vaults (5/5) D:14
  Crypt (3/3) Vaults:2       Tomb (3/3) Crypt:3      Depths (5/5) D:15
   Hell (1/1)                 Dis (7/7) Hell            Geh (7/7) Hell
    Coc (7/7) Hell            Tar (7/7) Hell            Zot (5/5) Depths:5

Altars:
Ashenzari
Cheibriados
Dithmenos
Elyvilon
Fedhas
Gozag
Hepliaklqana
Kikubaaqudgha
Makhleb
Nemelex Xobeh
Okawaru
Qazlal
Ru
Sif Muna
Trog
Uskayaw
Vehumet
Wu Jian
Xom
Yredelemnul
Zin
The Shining One
Beogh
Jiyva

Shops:
D:4 !   D:7 %   D:9 *}   D:11 }*   Orc:2 **([[   Elf:1 (?   Elf:2 }
Vaults:2 (   Vaults:5 [   Depths:4 *   Depths:5 *

Portals:
Hell: Depths:1 Depths:2 Depths:3 Depths:4 Depths:5
Abyss: Depths:2 Depths:4
Pandemonium: Depths:3

Annotations:
D:5 1 runed door, feelmyfire's ghost, novice NaNe
D:6 2 runed doors, galech's ghost, novice DsFi
D:9 exclusion: oklob plant
D:11 exclusion: ice statue
D:12 1 runed door
Lair:3 exclusion: 4 oklob plants
Elf:2 2 runed doors
Depths:3 exclusion: 2 doors


Innate Abilities, Weirdness & Mutations

You are too large for most types of armour.
You have claws for hands.
Your metabolism is lightning-fast.
You like to eat raw meat.
Your natural rate of healing is unusually fast.
((You are covered in fur. (AC +1)))
((You have very tough skin. (AC +2)))
You have a beak for a mouth.
You have sharp toenails.
((You are partially covered in yellow scales. (AC +2)))
Armour fits poorly on your strangely shaped body.
Your body often deteriorates upon taking damage.
You are frail. (-10% HP)
You are occasionally teleported next to monsters.
Potions are less effective at restoring your health.


Message History

A ynoxinul comes into view.
The ynoxinul gestures.
You claw the ufetubus!
You kill the ufetubus!
You mangle the ufetubus!!
You kill the ufetubus!
You eviscerate the ynoxinul!!!!
You kill the ynoxinul!
Cheibriados thoroughly appreciates the change of pace.
The ufetubus disappears in a puff of smoke!
No target in view!
No target in view!
No target in view!
Casting: Statue Form (safe; 1% risk of failure)
Confirm with . or Enter, or press ? or * to list all spells.
You turn into a living statue of rough stone.
The +4 moon troll leather armour {Spirit, Regen++ MP+5} melds into your body.
You feel strangely alone.
There is a staircase leading out of the dungeon here.
You have escaped!

........'.................#.#...#
........####..########.#.##.#...#
##.#######...........).#.##.#...#
#.# ###.........###.##)#..(# ###
#8.........8##.##.#...#
#...........##.##.#....
#8.........8##.##.##### ######
##.........###.#.((.... .....#
####888#### #.######## .....#####
##### #.# # .....'...# #.########
.....###.# #.##...... .....# #.#
#.##.##### .....# #.# #.##.#.###
.....# #.###############.##.#....
.....# #....>......#.....##.#.###
##################.#.######.#....


There were no monsters in sight!

Vanquished Creatures
  Cerebov (Pan)
  Antaeus (Coc:7)
  Asmodeus (Geh:7)
  the Royal Jelly (Slime:5)
  Gloorx Vloq (Pan)
  the Serpent of Hell (Coc:7)
  Ereshkigal (Tar:7)
  Lom Lobon (Pan)
  Mnoleg (Pan)
  A seraph (Zot:4)
  Dispater (Dis:7)
  8 pandemonium lords
  4 orbs of fire
  Mara (Vaults:2)
  A juggernaut (Depths:5)
  8 ancient liches
  Sojobo (Crypt:3)
  31 greater mummies
  Xtahua (Vaults:2)
  4 caustic shrikes
  3 curse toes
  13 shard shrikes
  A caustic shrike (shapeshifter) (Zig:14)
  8 Killer Klowns
  Geryon (Hell)
  11 golden dragons
  13 bone dragons
  3 electric golems
  10 iron giants (Dis:7)
  13 liches
  19 Brimstone Fiends
  7 doom hounds
  16 tentacled monstrosities
  Rupert (Lair:6)
  15 Tzitzimimeh
  A shard shrike skeleton (Crypt:2)
  17 Ice Fiends
  23 Hell Sentinels
  18 Orb Guardians
  8 titans
  38 acid blobs
  4 quicksilver dragons
  2 deep elf blademasters (Abyss:3)
  4 death cobs
  18 ancient champions
  14 sphinxes
  Gastronok (Lair:2)
  26 Executioners
  9 tengu reavers
  3 eldritch tentacles
  27 nagarajas
  A thorn hunter (Swamp:1)
  9 storm dragons
  3 draconian monks
  8 tentacled starspawn
  18 shadow dragons
  8 revenants
  22 azure jellies
  An azure jelly (shapeshifter) (Zig:14)
  3 deep elf sorcerers
  Roxanne (Elf:2)
  13 fire giants
  16 vault wardens
  6 corrupters
  15 frost giants
  Louise (Swamp:3)
  10 iron dragons
  4 draconian scorchers
  2 ghost moths
  7 draconian knights
  29 cacodemons
  2 curse skulls (Pan)
  A caustic shrike zombie (Crypt:3)
  An emperor scorpion (Zig:7)
  4 warmongers
  3 black suns (Pan)
  22 balrugs
  A deep elf elementalist (Elf:1)
  4 ghouls
  A spriggan defender (Depths:3)
  3 angels
  The ghost of Xiecuja the Covert, an adept VSAs of Dithmenos (Swamp:4)
  3 elemental wellsprings
  2 draconian annihilators (Zot:2)
  13 ironheart preservers
  6 draconian stormcallers
  A draconian shifter (Zot:5)
  11 war gargoyles
  10 blood saints (Pan)
  55 reapers
  A juggernaut skeleton (Depths:4)
  An entropy weaver (shapeshifter) (Zig:1)
  An ophan (Zig:3)
  12 very ugly things
  20 stone giants
  An apis (Zig:3)
  Nessos (Lair:5)
  9 green draconians
  7 vampire knights
  10 black draconians
  7 lorocyprocas
  15 bennus
  13 purple draconians
  8 yellow draconians
  A dire elephant (Lair:6)
  9 white draconians
  16 green deaths
  4 spark wasps (Depths:2)
  A crystal guardian (Zig:6)
  6 eidola
  21 red draconians
  21 blizzard demons
  9 quicksilver dragon zombies
  3 deep elf death magi
  A merfolk javelineer (Zig:5)
  9 statues (WizLab)
  14 death oozes
  12 ettins
  12 fire dragons
  23 mummy priests
  2 merfolk impalers (Depths:1)
  A fire dragon (shapeshifter) (Depths:1)
  A jiangshi (Crypt:2)
  20 great orbs of eyes
  30 naga warriors
  A servant of whispers (Vaults:2)
  15 yaktaur captains
  A deep elf high priest (Vaults:5)
  19 hydras
  28 ice dragons
  7 rakshasas
  5 quicksilver dragon skeletons
  2 alligator snapping turtles (shapeshifter)
  4 ghost crabs
  43 vault guards
  6 monstrous demonspawn
  A catoblepas (Lair:3)
  3 shambling mangroves
  5 hell beasts
  2 spriggan air magi
  11 ogre magi
  11 anacondas
  2 juggernaut simulacra (Pan)
  10 centaur warriors
  A catoblepas (shapeshifter) (Depths:2)
  A merfolk avatar (Lair:6)
  10 alligators
  An anaconda (shapeshifter) (Vaults:5)
  6 tengu warriors
  The ghost of nikopol the Cleaver, a novice MiBe of Trog (D:8)
  3 satyrs
  11 dancing weapons
  25 two-headed ogres
  10 deep troll shamans
  3 death knights
  63 death scarabs
  11 hell hogs
  9 deep troll earth magi
  6 holy swine (Pan)
  6 death yaks
  Urug (Lair:5)
  7 vampire magi
  19 naga sharpshooters
  A spriggan (Swamp:2)
  4 orc high priests
  5 thrashing horrors (Abyss:3)
  14 shock serpents
  5 titan zombies
  8 iron golems
  5 spriggan berserkers
  30 soul eaters
  5 storm dragon zombies
  5 wretched stars
  29 sun demons
  A titan skeleton (Tar:7)
  7 deep elf knights
  9 shadow wraiths
  15 iron trolls
  19 hell knights
  A fire crab (Geh:4)
  5 storm dragon skeletons
  8 salamander mystics
  A cherub (Pan)
  14 flayed ghosts
  2 golden dragon zombies
  14 anaconda zombies
  6 torturous demonspawn
  35 sixfirhies
  5 death drakes
  A deep troll (shapeshifter) (Zig:14)
  A spectral hydra (Swamp:4)
  An orange crystal statue (Zig:13)
  5 unseen horrors
  3 sea snakes
  126 skeletal warriors
  22 shadow demons
  3 ghost moth zombies
  8 infernal demonspawn
  18 deep trolls
  12 naga ritualists
  11 gelid demonspawn (Pan)
  2 swamp dragons
  7 glowing orange brains
  2 spriggan druids
  5 shadow dragon zombies
  7 deep elf archers
  8 wizards
  A lindwurm (D:9)
  An orb spider (shapeshifter) (D:15)
  An anaconda skeleton (Coc:6)
  An orb spider (Zig:7)
  20 ironbrand convokers
  55 deep elf magi
  6 golden dragon skeletons
  13 phantasmal warriors
  16 orc knights
  Pikel (D:4)
  13 harpies
  10 necromancers
  9 frost giant zombies
  8 shadow dragon skeletons
  4 tengu skeletons
  6 iron dragon zombies
  A wolf spider (shapeshifter) (Vaults:5)
  7 orc sorcerers
  5 wolf spider zombies
  15 mana vipers
  45 ugly things
  10 fire giant zombies
  A cyclops (shapeshifter) (Zig:14)
  12 shining eyes
  7 stone giant zombies
  18 salamanders
  2 sphinx skeletons
  8 oklob plants
  9 wolf spiders
  9 moths of wrath
  3 worldbinders (Abyss:3)
  A salamander (shapeshifter) (Depths:1)
  2 manticores (shapeshifter)
  3 fauns (Zig:5)
  2 cyclopes
  4 manticores
  5 eyes of devastation
  6 elephants
  A fire giant skeleton (Geh:7)
  A titan simulacrum (Vaults:5)
  31 black mambas
  2 dire elephant zombies
  4 iron dragon skeletons
  6 stone giant skeletons
  9 vault sentinels
  An eye of devastation (shapeshifter) (Vaults:4)
  3 ice statues
  8 frost giant skeletons
  42 rust devils
  17 naga magi
  2 torpor snails (Zig:7)
  2 shock serpent zombies
  10 dire elephant skeletons
  12 guardian serpents
  40 smoke demons
  A gargoyle (D:15)
  2 shock serpent skeletons
  4 apocalypse crabs
  23 hellions
  8 efreet
  20 spiny frogs
  6 rime drakes
  21 orange demons
  7 molten gargoyles (Geh:7)
  5 swamp worm zombies (Swamp:4)
  2 kobold demonologists (D:15)
  27 yaktaurs
  A catoblepas zombie (Dis:6)
  2 emperor scorpion zombies
  An anaconda simulacrum (Hell)
  A redback zombie (D:15)
  38 tormentors
  4 tengu conjurers
  18 hydra zombies
  48 ice devils
  6 ancient zymes
  7 demonic crawlers (Pan)
  45 freezing wraiths
  19 hellwings
  2 human skeletons
  19 komodo dragons
  57 guardian mummies
  A golden dragon simulacrum (Coc:4)
  29 red devils
  A catoblepas skeleton (Coc:6)
  4 harpy zombies
  6 trolls
  2 harpy skeletons
  6 silent spectres
  A meliai (shapeshifter) (Depths:1)
  9 tyrant leeches
  A shadow dragon simulacrum (Coc:2)
  4 polar bears
  2 saltlings (Vaults:2)
  A sphinx simulacrum (Vaults:5)
  A wind drake (Lair:6)
  9 hornets
  9 hydra skeletons
  17 raiju
  12 bog bodies
  A death drake skeleton (Crypt:3)
  An iron dragon simulacrum (Tar:1)
  9 alligator zombies
  20 blink frogs
  12 hippogriffs
  6 spectral swamp dragons (Swamp:4)
  A blink frog (shapeshifter) (Depths:2)
  A satyr zombie (Crypt:3)
  119 slime creatures
  A frost giant simulacrum (Vaults:2)
  A snapping turtle (Zig:5)
  11 ettin zombies
  8 fire dragon zombies
  10 dream sheep
  A hippogriff (shapeshifter) (Depths:4)
  48 large abominations
  4 ice dragon zombies
  3 air elementals
  150 flying skulls
  A meliai zombie (D:13)
  24 starcursed masses (Abyss:3)
  Sigmund (D:2)
  6 fire dragon skeletons
  3 black mamba zombies
  5 ettin skeletons
  8 ice dragon skeletons
  2 tarantellas (Zig:7)
  27 water elementals
  24 shadows
  38 yaks
  A vampire (D:15)
  2 redbacks (Zig:7)
  2 spriggans (shapeshifter) (Depths:2)
  3 fire bats (Geh:4)
  A satyr skeleton (Crypt:2)
  21 ynoxinuls
  6 alligator skeletons
  8 wyverns
  42 fire elementals
  A human (shapeshifter) (Depths:5)
  2 black mamba skeletons
  19 golden eyes
  Grum (D:10)
  36 wraiths
  18 ushabtiu
  A golden eye (shapeshifter) (Depths:1)
  15 chaos spawn
  3 basilisks
  23 neqoxecs
  5 hungry ghosts
  8 vampire mosquitoes
  6 wargs
  A swamp worm (shapeshifter) (Vaults:5)
  A spatial vortex (Geh:5)
  15 swamp worms
  2 hydra simulacra
  7 insubstantial wisps (Swamp:4)
  17 water moccasins
  3 acid dragons
  Duvessa (D:7)
  66 hell hounds
  2 soldier ants
  89 nagas
  12 small abominations
  4 floating eyes
  A merfolk skeleton (Geh:2)
  10 porcupines
  3 spiny frog skeletons
  A torturous demonspawn skeleton (Crypt:3)
  6 spiny frog zombies
  3 slaves (D:4)
  A black bear (D:11)
  12 phantoms
  A floating eye (shapeshifter) (Vaults:5)
  7 swamp drakes
  7 sky beasts
  2 eyes of draining (shapeshifter)
  41 orc warriors
  2 manticore zombies
  15 necrophages
  22 ice beasts
  7 eyes of draining
  6 snapping turtle zombies
  A hog zombie (Crypt:2)
  7 swamp dragon zombies
  22 boggarts
  3 snapping turtle skeletons
  20 wolves
  11 centaurs
  29 ogres
  2 swamp dragon skeletons
  19 crocodiles
  A yaktaur zombie (Crypt:1)
  A big kobold (D:11)
  An elf zombie (Dis:7)
  A komodo dragon zombie (Crypt:3)
  2 earth elementals
  16 bullfrogs
  A gnoll sergeant (D:9)
  2 spiny frog simulacra (Coc:7)
  A wyvern zombie (D:13)
  14 scorpions
  Dowan (D:7)
  16 killer bees
  2 troll zombies
  A human simulacrum (Vaults:2)
  38 wights
  4 howler monkeys
  8 centaur zombies
  2 electric eels (Lair:6)
  2 troll skeletons
  8 crimson imps
  3 bullfrog zombies (D:13)
  3 quasits (Abyss:3)
  7 human zombies
  15 jellies
  25 orc wizards
  5 hounds
  16 orc priests
  A gnoll shaman (D:9)
  35 iron imps
  Crazy Yiuf (D:4)
  5 centaur skeletons
  4 hell rats
  A spectral swamp drake (Swamp:4)
  2 iguanas
  15 worker ants
  A killer bee zombie (D:6)
  A sky beast zombie (Crypt:2)
  4 big kobold zombies (Ossuary)
  2 naga zombies
  An ogre skeleton (Geh:7)
  A hound skeleton (D:4)
  71 mummies
  3 worker ant zombies
  A howler monkey skeleton (D:11)
  21 gnolls
  12 adders
  4 scorpion zombies (Ossuary)
  17 shadow imps
  17 white imps
  2 ufetubi
  7 oozes
  10 worms
  3 dart slugs
  11 leopard geckos
  82 orcs
  A ball python (Sewer)
  12 bats
  10 giant cockroaches
  10 goblins
  6 hobgoblins
  2 jackals (D:1)
  15 kobolds
  4 quokkas
  4 frilled lizards
  A giant cockroach zombie (D:5)
  3 gnoll zombies (Ossuary)
  4 goblin zombies
  A hobgoblin zombie (Ossuary)
  A kobold skeleton (Coc:2)
  3 kobold zombies
  An orc skeleton (Geh:7)
  2 orc zombies (Ossuary)
  A quokka skeleton (D:7)
  A quokka zombie (D:5)
  7 rats
  A fire vortex (Geh:7)
  A fungus (D:4)
  5 starspawn tentacles (Abyss:3)
4843 creatures vanquished.

Vanquished Creatures (collateral kills)
  Harold (D:9)
  An ice beast (IceCv)
  A bullfrog (D:8)
  2 killer bees
  A hound (D:8)
6 creatures vanquished.

Vanquished Creatures (others)
  5 eldritch tentacles
  A fire giant (Depths:1)
  A ghost moth (Zig:7)
  2 elemental wellsprings
  A bennu (Tomb:3)
  5 stone giants
  2 merfolk javelineers
  4 yaktaur captains
  A hell hog (Dis:2)
  5 death scarabs (Tomb:3)
  A sixfirhy (Pan)
  A deep elf archer (Vaults:3)
  A wizard (Pan)
  A cyclops (Vaults:2)
  A black mamba (Snake:4)
  A hellion (Geh:7)
  A centaur skeleton (D:15)
  19 yaktaurs
  A bog body (Coc:7)
  A hippogriff (shapeshifter) (Vaults:5)
  5 flying skulls
  A black mamba zombie (Geh:7)
  A yak (Lair:4)
  A chaos spawn (Pan)
  A naga (Snake:4)
  A hell hound (Geh:7)
  A floating eye (Depths:3)
  A phantom (Swamp:4)
  An ogre (Vaults:5)
  2 centaurs (Depths:2)
  A scorpion (Ossuary)
  2 killer bees (D:8)
  5 wights
  An iron imp (Dis:7)
  An iguana (Lair:4)
  An orc wizard (Orc:2)
  4 mummies (Tomb:2)
  A shadow imp (Tar:6)
  A white imp (Coc:7)
  6 ball lightnings
  A quokka (D:7)
  2 briar patches (Swamp:1)
  2 bushes (Lair:6)
  20 fungi
  2 lurking horrors (Abyss:3)
  62 plants
  12 starspawn tentacles (Abyss:3)
194 creatures vanquished.

Grand Total: 5043 creatures vanquished

Notes
Turn   | Place    | Note
-------+----------+-------------------------------------------
     0 | D:1      | ReniFell the Troll Monk began the quest for the Orb.
     0 | D:1      | Reached XP level 1. HP: 22/22 MP: 0/0
   301 | D:1      | Reached XP level 2. HP: 29/29 MP: 1/1
   726 | D:1      | Reached XP level 3. HP: 36/36 MP: 2/2
   989 | D:2      | Noticed Sigmund
  1048 | D:1      | Reached XP level 4. HP: 23/44 MP: 3/3
  1090 | D:2      | Reached skill level 5 in Unarmed Combat
  1107 | D:2      | Reached XP level 5. HP: 32/50 MP: 4/4
  1384 | D:2      | Killed Sigmund
  1384 | D:2      | Reached XP level 6. HP: 47/59 MP: 5/5
  2006 | D:3      | Found a glowing golden altar of the Shining One.
  2082 | D:3      | Found an iron altar of Okawaru.
  2888 | D:4      | Found a staircase to the Ecumenical Temple.
  2899 | D:4      | Found Uqeubu's Distillery.
  2918 | D:4      | Bought a potion of lignification for 36 gold pieces
  2918 | D:4      | Bought a potion of might for 48 gold pieces
  2918 | D:4      | Bought a potion of heal wounds for 60 gold pieces
  2954 | Temple   | Entered the Ecumenical Temple
  3166 | D:4      | Noticed a slave
  3183 | D:4      | Killed a slave
  3187 | D:4      | Noticed a slave
  3187 | D:4      | Noticed a slave
  3190 | D:4      | Noticed Pikel
  3209 | D:4      | Killed a slave
  3217 | D:4      | Killed a slave
  3224 | D:4      | Noticed a slave
  3229 | D:4      | Killed Pikel
  3229 | D:4      | Reached XP level 7. HP: 46/66 MP: 6/6
  3306 | D:4      | Reached XP level 8. HP: 74/74 MP: 7/7
  3331 | D:4      | Reached skill level 10 in Unarmed Combat
  3713 | D:4      | Found a runed door.
  3717 | D:4      | Noticed Crazy Yiuf
  3725 | D:4      | Killed Crazy Yiuf
  3782 | D:5      | Entered Level 5 of the Dungeon
  3795 | D:5      | Found a sand-covered staircase.
  3827 | Ossuary  | Entered an ossuary
  4133 | Ossuary  | Reached XP level 9. HP: 80/80 MP: 8/8
  4412 | D:5      | Found a runed door.
  4412 | D:5      | Noticed feelmyfire's ghost (novice NaNe)
  4464 | D:5      | Found a glowing drain.
  4473 | Sewer    | Entered a sewer
  5405 | D:6      | Found a runed door.
  5407 | D:6      | Noticed galech's ghost (novice DsFi)
  5510 | D:6      | Found a runed door.
  6140 | D:7      | Found a burning altar of Makhleb.
  6156 | D:7      | Reached skill level 5 in Fighting
  6179 | D:7      | Found a white marble altar of Elyvilon.
  6283 | D:7      | Noticed Duvessa
  6286 | D:7      | Noticed Dowan
  6296 | D:7      | Killed Duvessa
  6296 | D:7      | Reached XP level 10. HP: 91/96 MP: 9/9
  6306 | D:7      | Killed Dowan
  6551 | D:7      | Found Ribanog's Food Shoppe.
  7163 | D:8      | Found a hide-covered altar of Uskayaw.
  7248 | D:8      | Found a runed gate.
  7249 | D:8      | Found a runed gate.
  7249 | D:8      | Found a runed gate.
  7250 | D:8      | Noticed nikopol's ghost (novice MiBe)
  7330 | D:8      | Found an opulent altar of Gozag.
  7330 | D:8      | Found a sacrificial altar of Ru.
  7786 | D:9      | Found a glowing golden altar of the Shining One.
  7786 | D:9      | Noticed an oklob plant
  7837 | D:9      | Found a snail-covered altar of Cheibriados.
  7843 | D:9      | Found Erhag's Gadget Shoppe.
  7856 | D:9      | Became a worshipper of Cheibriados the Contemplative
  7856 | D:9      | Reached * piety under Cheibriados
  7856 | D:9      | Reached ** piety under Cheibriados
  7937 | D:9      | Noticed Harold
  7954 | D:9      | Killed Harold
  8050 | D:9      | Killed an oklob plant
  8189 | D:8      | Reached XP level 11. HP: 90/110 MP: 10/10
  8246 | D:9      | Reached *** piety under Cheibriados
  8266 | D:9      | Noticed a two-headed ogre
  8281 | D:9      | Noticed a lindwurm
  8281 | D:9      | a two-headed ogre changed into a lindwurm
  8290 | D:9      | Killed a lindwurm
  8461 | D:9      | Found a shattered altar of Ashenzari.
  8743 | D:9      | Found a blossoming altar of Fedhas.
  8754 | D:9      | Noticed an oklob plant
  8899 | D:9      | Found Dazoyf's Assorted Antiques.
  8904 | D:9      | Bought a sedimented coppery potion for 19 gold pieces
  8904 | D:9      | Bought an orange potion for 19 gold pieces
  8904 | D:9      | Bought a scroll labeled FERPHU BOLEOMPY for 22 gold pieces
  9083 | D:10     | Entered Level 10 of the Dungeon
  9191 | D:10     | Reached skill level 1 in Invocations
  9280 | D:10     | Found a glowing silver altar of Zin.
  9407 | D:10     | Noticed Grum
  9412 | D:10     | Reached **** piety under Cheibriados
  9422 | D:10     | Killed Grum
  9972 | D:11     | Found Zebbid's Antique Artefacts.
  9980 | D:11     | Bought a translucent tin ring for 140 gold pieces
  9980 | D:11     | Bought a coiled amber ring for 140 gold pieces
  9980 | D:11     | Bought a heavy robe for 159 gold pieces
  9981 | D:11     | Identified the cursed ring of Xaikki {rC+ rN+ Str-2 Int-4
                  | Stlth+} (You bought it in a shop on level 11 of the
                  | Dungeon)
  9983 | D:11     | Identified the ring of the Equinox {rF++ MR+ Str+5} (You
                  | bought it in a shop on level 11 of the Dungeon)
  9994 | D:11     | Identified the +1 robe of the Dropbear {Dex+7} (You bought
                  | it in a shop on level 11 of the Dungeon)
 10024 | D:11     | Noticed a centaur warrior
 10031 | D:11     | Killed a centaur warrior
 10259 | D:11     | Noticed a two-headed ogre
 10263 | D:11     | Killed a two-headed ogre
 10263 | D:11     | Reached skill level 15 in Unarmed Combat
 10384 | D:11     | Found Ynishy's Gadget Shop.
 10392 | D:11     | Found a staircase to the Lair.
 10419 | D:11     | Noticed a two-headed ogre
 10424 | D:11     | Killed a two-headed ogre
 10427 | D:11     | Reached ***** piety under Cheibriados
 10500 | Lair:1   | Entered Level 1 of the Lair of Beasts
 11434 | Lair:2   | Noticed a four-headed hydra
 11523 | Lair:2   | Killed a four-headed hydra
 11523 | Lair:2   | Reached XP level 12. HP: 123/123 MP: 14/14
 11638 | Lair:2   | Reached skill level 5 in Invocations
 11731 | Lair:2   | Noticed Gastronok
 11742 | Lair:2   | Killed Gastronok
 12520 | Lair:3   | Reached skill level 10 in Fighting
 12672 | Lair:3   | Noticed a catoblepas
 12685 | Lair:3   | Killed a catoblepas
 12778 | Lair:3   | Noticed a five-headed hydra
 12786 | Lair:3   | Killed a seven-headed hydra
 12869 | Lair:3   | Reached ****** piety under Cheibriados
 13307 | D:11     | Bought an ancient jade ring for 140 gold pieces
 13307 | D:11     | Bought a heavy robe for 159 gold pieces
 13317 | D:11     | Identified the cursed +1 robe of the Accordion {MR- Int+4}
                  | (You bought it in a shop on level 11 of the Dungeon)
 13318 | D:11     | Identified the ring of Ziumurr {*Drain rElec Str+9 Slay-6
                  | Stlth-} (You bought it in a shop on level 11 of the
                  | Dungeon)
 13561 | Lair:4   | Reached XP level 13. HP: 129/135 MP: 17/17
 13681 | Lair:4   | Found a staircase to the Swamp.
 13763 | Lair:4   | Found a staircase to the Snake Pit.
 14010 | Lair:4   | Identified the +1 robe of the Pirate {rF+ rN+ MR-}
 14062 | Lair:4   | Reached skill level 1 in Shields
 14443 | Lair:5   | Found a frozen archway.
 14488 | IceCv    | Entered an ice cave
 14504 | IceCv    | Found a transporter.
 14527 | IceCv    | Found a transporter.
 14824 | Lair:5   | Noticed Nessos
 14833 | Lair:5   | Killed Nessos
 14935 | Lair:5   | Noticed Urug
 14944 | Lair:5   | Killed Urug
 15519 | Lair:6   | Entered Level 6 of the Lair of Beasts
 15663 | Lair:6   | Reached XP level 14. HP: 143/146 MP: 19/19
 15666 | Lair:6   | Learned a level 1 spell: Apportation
 16057 | Lair:6   | Found a staircase to the Slime Pits.
 16110 | Lair:6   | Paralysed by a hornet for 2 turns
 16113 | Lair:6   | Reached skill level 5 in Shields
 16206 | Lair:6   | Noticed Rupert
 16224 | Lair:6   | Killed Rupert
 16564 | Lair:6   | Reached skill level 10 in Invocations
 17176 | D:12     | Found a runed door.
 17327 | D:12     | Found a staircase to the Orcish Mines.
 17922 | Orc:1    | Entered Level 1 of the Orcish Mines
 17951 | Orc:2    | Entered Level 2 of the Orcish Mines
 17951 | Orc:2    | Found Ixkekkat's Antique Armour Emporium.
 18136 | Orc:2    | Found a staircase to the Elven Halls.
 18223 | Orc:2    | Found Puanedghe's Antique Armour Shop.
 18285 | Orc:2    | Reached XP level 15. HP: 89/157 MP: 21/21
 18321 | Orc:2    | Found Ohovas's Antique Weapon Emporium.
 18326 | Orc:2    | Found Pumoar's Assorted Antiques.
 18328 | Orc:2    | Found Fierchea's General Store.
 18334 | Orc:2    | Bought a scroll labeled AFFIPTENKU for 31 gold pieces
 18980 | Orc:1    | Found a roughly hewn altar of Beogh.
 19044 | Orc:2    | Bought a leatherbound book for 465 gold pieces
 19044 | Orc:2    | Bought a metal-bound book for 465 gold pieces
 19162 | D:13     | Found a flagged portal.
 19177 | Bailey   | Entered a bailey
 19285 | Bailey   | Identified a scroll of acquirement
 20078 | D:14     | Found a gate to the Vaults.
 20799 | D:15     | Entered Level 15 of the Dungeon
 20856 | D:15     | Reached XP level 16. HP: 122/169 MP: 23/24
 20884 | D:15     | Found a staircase to the Depths.
 21819 | Elf:1    | Entered Level 1 of the Elven Halls
 22053 | Elf:1    | Learned a level 2 spell: Passwall
 22062 | Elf:1    | Found Caxtomuw's Magic Scroll Shoppe.
 22073 | Elf:1    | Bought a scroll of teleportation for 45 gold pieces
 22073 | Elf:1    | Bought a scroll of teleportation for 45 gold pieces
 22073 | Elf:1    | Bought a scroll of magic mapping for 52 gold pieces
 22073 | Elf:1    | Found Qiucobb's Weapon Shoppe.
 22182 | Elf:1    | Reached skill level 1 in Transmutations
 22388 | Elf:1    | Identified the Handbook of Creative Confrontation
 22588 | Elf:1    | Reached skill level 10 in Shields
 22688 | Orc:2    | Upgraded the game from 0.23-a0-435-g79ed067 to
                  | 0.23-a0-436-g57debff
 23064 | D:8      | Killed nikopol's ghost
 23280 | Snake:1  | Entered Level 1 of the Snake Pit
 23431 | Snake:1  | Reached skill level 1 in Earth Magic
 23497 | Snake:1  | Got a pitted bone ring
 23498 | Snake:1  | Identified the ring "Ynwuuts" {rCorr Dex+4} (You found it
                  | on level 1 of the Snake Pit)
 23888 | Snake:1  | Reached XP level 17. HP: 179/179 MP: 26/26
 25995 | Snake:4  | Entered Level 4 of the Snake Pit
 26448 | Snake:4  | Reached skill level 5 in Earth Magic
 26655 | Snake:4  | Reached skill level 5 in Transmutations
 26856 | Snake:4  | Reached XP level 18. HP: 91/189 MP: 27/27
 28079 | Snake:4  | Got a serpentine rune of Zot
 28249 | Swamp:1  | Entered Level 1 of the Swamp
 29803 | Swamp:3  | Noticed Louise
 29815 | Swamp:3  | Killed Louise
 29862 | Swamp:3  | Reached XP level 19. HP: 66/200 MP: 28/28
 30329 | Swamp:4  | Entered Level 4 of the Swamp
 30606 | Swamp:4  | Found a large runed door.
 30606 | Swamp:4  | Found a large runed door.
 30611 | Swamp:4  | Noticed Xiecuja's ghost (adept VSAs)
 30637 | Swamp:4  | Killed Xiecuja's ghost
 31518 | Elf:1    | Bought a scroll of acquirement for 780 gold pieces
 31650 | Elf:2    | Reached skill level 15 in Fighting
 31673 | Elf:2    | Noticed Roxanne
 31693 | Elf:2    | Killed Roxanne
 31703 | Elf:2    | Learned a level 6 spell: Statue Form
 32013 | Elf:2    | Found a runed door.
 32039 | Elf:2    | Found a runed door.
 32060 | Elf:2    | Found Ragridwo's Gadget Emporium.
 32274 | Vaults:1 | Entered Level 1 of the Vaults
 33655 | Vaults:1 | Reached XP level 20. HP: 211/211 MP: 29/29
 34089 | Vaults:2 | Found a magical portal.
 34109 | WizLab   | Entered Iskenderun's Mystic Tower
 34200 | WizLab   | Reached skill level 15 in Shields
 34605 | WizLab   | Identified Iskenderun's Compendium of Confrontation
 34605 | WizLab   | Identified Iskenderun's Compendium of Confrontation
 34739 | Vaults:2 | Noticed Xtahua
 34757 | Vaults:2 | Killed Xtahua
 34928 | Vaults:2 | Found Zevve's Antique Weapon Shop.
 35043 | Vaults:2 | Noticed Mara
 35057 | Vaults:2 | Noticed ReniFell's illusion
 35085 | Vaults:2 | Noticed ReniFell's illusion
 35215 | Vaults:2 | Noticed ReniFell's illusion
 35346 | Vaults:2 | Reached skill level 10 in Earth Magic
 35980 | Vaults:3 | Learned a level 5 spell: Borgnjor's Vile Clutch
 36768 | Vaults:4 | Reached XP level 21. HP: 222/222 MP: 30/30
 37655 | Depths:1 | Entered Level 1 of the Depths
 37771 | Depths:1 | Reached skill level 10 in Transmutations
 38651 | Depths:1 | Found a gateway to Hell.
 38908 | Depths:1 | Found a glowing golden altar of the Shining One.
 39207 | Depths:2 | Found a gateway to a ziggurat.
 39352 | Depths:2 | Identified the +3 broad axe of the Ancients {pain, rPois}
 39369 | Depths:2 | Noticed a golden dragon
 39375 | Depths:2 | Killed a golden dragon
 39466 | Depths:2 | Reached XP level 22. HP: 210/232 MP: 31/31
 39532 | Depths:2 | Found a one-way gate to the infinite horrors of the Abyss.
 41039 | Depths:3 | Paralysed by a floating eye for 4 turns
 41524 | Depths:3 | Found a one-way gate leading to the halls of Pandemonium.
 41832 | Depths:4 | Found Nitamup's General Store.
 41842 | Depths:4 | Bought 3 scrolls of blinking for 427 gold pieces
 41842 | Depths:4 | Bought a scroll of blinking for 142 gold pieces
 41925 | Depths:4 | Reached skill level 5 in Dodging
 42176 | Depths:4 | Found a sparkling altar of Nemelex Xobeh.
 42192 | Depths:4 | Noticed a golden dragon
 42202 | Depths:4 | Killed a golden dragon
 42508 | Depths:5 | Entered Level 5 of the Depths
 42508 | Depths:5 | Noticed a juggernaut
 42514 | Depths:5 | Killed a juggernaut
 42514 | Depths:5 | Reached XP level 23. HP: 243/243 MP: 32/32
 42528 | Depths:5 | Noticed a caustic shrike
 42531 | Depths:5 | Noticed a caustic shrike
 42531 | Depths:5 | Noticed a caustic shrike
 42533 | Depths:5 | Noticed a caustic shrike
 42537 | Depths:4 | Killed a caustic shrike
 42605 | Depths:4 | Killed a caustic shrike
 42848 | Depths:5 | Killed a caustic shrike
 42895 | Depths:5 | Killed a caustic shrike
 43030 | Depths:5 | Found Wusurch's Pet Rocks.
 43071 | Depths:5 | Bought a wand of digging (5) for 432 gold pieces
 43093 | Depths:5 | Found a gate to the Realm of Zot.
 43943 | Swamp:4  | Got a decaying rune of Zot
 44396 | Vaults:5 | Entered Level 5 of the Vaults
 44539 | Vaults:4 | Reached skill level 15 in Earth Magic
 44604 | Vaults:4 | Reached XP level 24. HP: 140/256 MP: 30/32
 44759 | Vaults:5 | Noticed an ancient lich
 44763 | Vaults:5 | Reached skill level 10 in Dodging
 44827 | Vaults:5 | Killed an ancient lich
 45014 | Vaults:5 | Learned a level 4 spell: Passage of Golubria
 45029 | Vaults:5 | Found Suotim's Armour Shoppe.
 45032 | Vaults:5 | Identified the +9 mace of Quick Death {crush, rN+ Str+7
                  | Dex-5 Stlth+}
 45155 | Vaults:5 | Got a silver rune of Zot
 45214 | Vaults:5 | Noticed an ancient lich
 45220 | Vaults:5 | Killed an ancient lich
 45327 | Vaults:5 | Identified the Reference Book on Good Luck
 45838 | Slime:1  | Entered Level 1 of the Pits of Slime
 45878 | Slime:1  | Gained mutation: Your body sometimes deteriorates upon
                  | taking damage. [a shining eye]
 45880 | Slime:1  | Reached skill level 1 in Translocations
 45882 | Slime:1  | Gained mutation: Your body often deteriorates upon taking
                  | damage. [a shining eye]
 45947 | Slime:2  | Gained mutation: You are weak. (Str -2) [a shining eye]
 45948 | Slime:2  | Gained mutation: You tend to lose your temper in combat. [a
                  | shining eye]
 45994 | Slime:2  | Lost mutation: You are weak. (Str -2) [potion of mutation]
 45994 | Slime:2  | Lost mutation: Your body often deteriorates upon taking
                  | damage. [potion of mutation]
 45994 | Slime:2  | Lost mutation: Your body sometimes deteriorates upon taking
                  | damage. [potion of mutation]
 45994 | Slime:2  | Lost mutation: You tend to lose your temper in combat.
                  | [potion of mutation]
 45994 | Slime:2  | Gained mutation: Your flesh is heat resistant. (rF+)
                  | [potion of mutation]
 45994 | Slime:2  | Gained mutation: You are agile. (Dex +2) [potion of
                  | mutation]
 45994 | Slime:2  | Gained mutation: You have a beak for a mouth. [potion of
                  | mutation]
 45994 | Slime:2  | Gained mutation: Your muscles are strong. (Str +2) [potion
                  | of mutation]
 46341 | Slime:5  | Entered Level 5 of the Pits of Slime
 46454 | Slime:5  | Reached XP level 25. HP: 265/265 MP: 32/32
 46458 | Slime:5  | Lost mutation: You are agile. (Dex +2) [a shining eye]
 46459 | Slime:5  | Gained mutation: Your spells are a little easier to cast,
                  | but a little less powerful. [a shining eye]
 46463 | Slime:5  | Lost mutation: Your spells are a little easier to cast, but
                  | a little less powerful. [a shining eye]
 46465 | Slime:5  | Gained mutation: Your body sometimes deteriorates upon
                  | taking damage. [a shining eye]
 46485 | Slime:4  | Gained mutation: Scrolls take you a little longer to read.
                  | [a shining eye]
 46532 | Slime:4  | Found a viscous altar of Jiyva.
 46670 | Slime:4  | Gained mutation: Scrolls take you longer to read. [a
                  | shining eye]
 46671 | Slime:4  | Gained mutation: You occasionally shout uncontrollably at
                  | your foes. [a shining eye]
 46672 | Slime:4  | Gained mutation: You sometimes yell uncontrollably at your
                  | foes. [a shining eye]
 46673 | Slime:4  | Gained mutation: You frequently scream uncontrollably at
                  | your foes. [a shining eye]
 46673 | Slime:4  | Gained mutation: You are frail. (-10% HP) [a shining eye]
 46718 | Slime:5  | Noticed the Royal Jelly
 46728 | Slime:5  | Killed the Royal Jelly
 46881 | Slime:5  | Found the +0 mask of the Dragon {MR+ Slay+3 SInv}
 46919 | Slime:5  | Identified the ring "Watoojoh" {Int+2 Slay+3} (You found it
                  | on level 5 of the Pits of Slime)
 46997 | Slime:5  | Got a slimy rune of Zot
 47079 | Lair:6   | Lost mutation: Your body sometimes deteriorates upon taking
                  | damage. [potion of mutation]
 47079 | Lair:6   | Lost mutation: You are frail. (-10% HP) [potion of
                  | mutation]
 47079 | Lair:6   | Lost mutation: Your muscles are strong. (Str +2) [potion of
                  | mutation]
 47079 | Lair:6   | Lost mutation: Scrolls take you longer to read. [potion of
                  | mutation]
 47079 | Lair:6   | Gained mutation: You are dopey. (Int -2) [potion of
                  | mutation]
 47079 | Lair:6   | Gained mutation: You passively map a small area around you.
                  | [potion of mutation]
 47080 | Lair:6   | Lost mutation: You frequently scream uncontrollably at your
                  | foes. [potion of mutation]
 47080 | Lair:6   | Lost mutation: Your flesh is heat resistant. (rF+) [potion
                  | of mutation]
 47080 | Lair:6   | Lost mutation: Scrolls take you a little longer to read.
                  | [potion of mutation]
 47080 | Lair:6   | Lost mutation: You are dopey. (Int -2) [potion of mutation]
 47429 | Hell     | Entered the Vestibule of Hell
 47429 | Hell     | Noticed Geryon
 47438 | Hell     | Killed Geryon
 47646 | Hell     | Found a gateway to the freezing wastes of Cocytus.
 47724 | Hell     | Found a gateway to the Iron City of Dis.
 47763 | Hell     | Found a gateway to the ashen valley of Gehenna.
 47820 | Hell     | Found a gateway to the decaying netherworld of Tartarus.
 47926 | Geh:1    | Entered Level 1 of Gehenna
 47978 | Geh:2    | Reached skill level 5 in Translocations
 48376 | Geh:4    | Reached XP level 26. HP: 252/276 MP: 32/32
 48880 | Geh:7    | Entered Level 7 of Gehenna
 49154 | Geh:7    | Reached skill level 15 in Dodging
 49429 | Geh:7    | Learned a level 3 spell: Lesser Beckoning
 49449 | Geh:7    | Identified the +7 sceptre of Asmodeus
 49449 | Geh:7    | Noticed Asmodeus
 49459 | Geh:7    | Killed Asmodeus
 49478 | Geh:7    | Found the +0 sword of Power
 49499 | Geh:7    | Identified the Compendium of Talismans and Weightlessness
 49534 | Geh:7    | Got an obsidian rune of Zot
 49547 | Geh:7    | Learned a level 3 spell: Regeneration
 49608 | Tar:1    | Entered Level 1 of Tartarus
 49620 | Tar:1    | Reached skill level 1 in Necromancy
 49911 | Tar:2    | Reached XP level 27. HP: 287/287 MP: 32/32
 49981 | Tar:4    | Reached skill level 5 in Necromancy
 49996 | Tar:4    | Noticed an ancient lich
 50005 | Tar:4    | Killed an ancient lich
 50100 | Tar:7    | Entered Level 7 of Tartarus
 50126 | Tar:7    | HP: 9/375 [bone dragon[the effects of Hell] (11)]
 50609 | Tar:7    | Noticed Ereshkigal
 50628 | Tar:7    | Killed Ereshkigal
 50705 | Tar:7    | Identified the cursed -8 buckler "Adoicyca" {Str+2}
 50919 | Tar:7    | Got a bone rune of Zot
 51100 | Dis:1    | Entered Level 1 of the Iron City of Dis
 51108 | Dis:1    | Reached skill level 10 in Necromancy
 51110 | Dis:1    | You fall through a shaft!
 51259 | Dis:3    | Gained mutation: Your spells are a little easier to cast,
                  | but a little less powerful. [a cacodemon]
 51981 | Dis:6    | Gained mutation: You tend to lose your temper in combat.
                  | [mutagenic glow]
 52053 | Dis:6    | Lost mutation: You tend to lose your temper in combat.
                  | [potion of mutation]
 52053 | Dis:6    | Lost mutation: You sometimes yell uncontrollably at your
                  | foes. [potion of mutation]
 52053 | Dis:6    | Gained mutation: You are partially covered in thin metallic
                  | scales. (AC +2) [potion of mutation]
 52053 | Dis:6    | Gained mutation: You have sharp toenails. [potion of
                  | mutation]
 52053 | Dis:6    | Gained mutation: You are partially covered in yellow
                  | scales. (AC +2) [potion of mutation]
 52114 | Dis:7    | Entered Level 7 of the Iron City of Dis
 52924 | Dis:7    | Identified the +4 staff of Dispater
 52924 | Dis:7    | Noticed Dispater
 52935 | Dis:7    | Killed Dispater
 52980 | Dis:7    | Got an iron rune of Zot
 53151 | Coc:1    | Entered Level 1 of Cocytus
 53158 | Coc:1    | You fall through a shaft!
 53850 | Coc:6    | Gained mutation: You are frail. (-10% HP) [mutagenic glow]
 53988 | Coc:7    | Entered Level 7 of Cocytus
 54205 | Coc:7    | Noticed the Serpent of Hell
 54213 | Coc:7    | Killed the Serpent of Hell
 54372 | Coc:7    | Identified the +7 rapier "Gusch" {venom, rPois Int+4}
 54372 | Coc:7    | Noticed Antaeus
 54384 | Coc:7    | Killed Antaeus
 54421 | Coc:7    | Identified the Catalogue of Ensnaring Snow
 54428 | Coc:7    | Got an icy rune of Zot
 54653 | Pan      | Entered Pandemonium
 54817 | Pan      | Noticed Coedok the pandemonium lord
 54833 | Pan      | Killed Coedok the pandemonium lord
 54857 | Pan      | Got a demonic rune of Zot
 54969 | Pan      | Noticed Itiu the pandemonium lord
 54977 | Pan      | Killed Itiu the pandemonium lord
 55098 | Pan      | Noticed Fogu the pandemonium lord
 55257 | Pan      | Found an exit through the horrors of the Abyss.
 55450 | Pan      | Entered the realm of Mnoleg.
 55494 | Pan      | Lost mutation: You have sharp toenails. [a cacodemon]
 55541 | Pan      | Gained mutation: Your body sometimes deteriorates upon
                  | taking damage. [a cacodemon]
 55544 | Pan      | Reached skill level 10 in Translocations
 55574 | Pan      | Paralysed by a floating eye for 3 turns
 55670 | Pan      | Noticed Mnoleg
 55686 | Pan      | Paralysed by a floating eye for 4 turns
 55691 | Pan      | Gained mutation: Armour fits poorly on your strangely
                  | shaped body. [a cacodemon]
 55692 | Pan      | Paralysed by a floating eye for 3 turns
 55701 | Pan      | Paralysed by a floating eye for 3 turns
 55708 | Pan      | Paralysed by a floating eye for 4 turns
 55718 | Pan      | Paralysed by a floating eye for 2 turns
 55985 | Pan      | Gained mutation: You tend to lose your temper in combat. [a
                  | neqoxec]
 55988 | Pan      | Gained mutation: You are dopey. (Int -2) [a neqoxec]
 56009 | Pan      | Killed Mnoleg
 56072 | Pan      | Got a glowing rune of Zot
 56083 | Pan      | Gained mutation: Scrolls take you a little longer to read.
                  | [a cacodemon]
 56100 | Pan      | Noticed Gaurgh the pandemonium lord
 56111 | Pan      | Killed Gaurgh the pandemonium lord
 56133 | Pan      | Gained mutation: You are very dopey. (Int -4) [a cacodemon]
 56181 | Pan      | Lost mutation: You are partially covered in thin metallic
                  | scales. (AC +2) [potion of mutation]
 56181 | Pan      | Lost mutation: Scrolls take you a little longer to read.
                  | [potion of mutation]
 56181 | Pan      | Gained mutation: You often lose your temper in combat.
                  | [potion of mutation]
 56181 | Pan      | Gained mutation: You can translocate small distances at
                  | will. [potion of mutation]
 56357 | Pan      | Gained mutation: You are weak. (Str -2) [a neqoxec]
 56365 | Pan      | Entered the realm of Gloorx Vloq.
 56365 | Pan      | Found an exit through the horrors of the Abyss.
 56590 | Pan      | Noticed Gloorx Vloq
 56600 | Pan      | Killed Gloorx Vloq
 56642 | Pan      | Got a dark rune of Zot
 56761 | Pan      | Gained mutation: Your magical capacity is low. (-10% MP) [a
                  | neqoxec]
 56761 | Pan      | Gained mutation: You are occasionally teleported next to
                  | monsters. [a neqoxec]
 56917 | Pan      | Noticed Sutusaig the pandemonium lord
 56924 | Pan      | Killed Sutusaig the pandemonium lord
 56985 | Depths:3 | Escaped Pandemonium
 57052 | Zig:1    | Entered Level 1 of a ziggurat
 57074 | Zig:2    | Entered Level 2 of a ziggurat
 57105 | Zig:3    | Entered Level 3 of a ziggurat
 57126 | Zig:3    | Lost mutation: You occasionally shout uncontrollably at
                  | your foes. [potion of mutation]
 57126 | Zig:3    | Lost mutation: You can translocate small distances at will.
                  | [potion of mutation]
 57126 | Zig:3    | Lost mutation: You are very dopey. (Int -4) [potion of
                  | mutation]
 57126 | Zig:3    | Lost mutation: Your magical capacity is low. (-10% MP)
                  | [potion of mutation]
 57126 | Zig:3    | Gained mutation: You are resistant to electric shocks.
                  | (rElec) [potion of mutation]
 57131 | Zig:4    | Entered Level 4 of a ziggurat
 57174 | Zig:5    | Entered Level 5 of a ziggurat
 57185 | Zig:5    | Found the +7 great mace "Firestarter" {inner flame, rF++}
 57232 | Zig:6    | Entered Level 6 of a ziggurat
 57261 | Zig:6    | Identified the Compendium of Karma
 57277 | Zig:7    | Entered Level 7 of a ziggurat
 57331 | Zig:8    | Entered Level 8 of a ziggurat
 57376 | Zig:8    | Identified the Tome of Ashen Toxins
 57389 | Zig:9    | Entered Level 9 of a ziggurat
 57445 | Zig:9    | Identified the Papyrus of Toxins and Transmutation
 57450 | Zig:9    | Identified the +0 robe of the Poles {*Slow rF++ MR+ Slay+2}
                  | (You found it on level 9 of a ziggurat)
 57459 | Zig:10   | Entered Level 10 of a ziggurat
 57497 | Zig:10   | Got a pitted turquoise ring
 57498 | Zig:10   | Identified the ring "Hisil" {rN++ Slay-3 Stlth+} (You found
                  | it on level 10 of a ziggurat)
 57506 | Zig:10   | Got a scintillating bone ring
 57507 | Zig:10   | Identified the ring "Lellibacw" {rElec MR+ SInv Stlth+}
                  | (You found it on level 10 of a ziggurat)
 57525 | Zig:11   | Entered Level 11 of a ziggurat
 57601 | Zig:11   | Lost mutation: You are dopey. (Int -2) [potion of mutation]
 57601 | Zig:11   | Lost mutation: You are resistant to electric shocks.
                  | (rElec) [potion of mutation]
 57601 | Zig:11   | Lost mutation: Armour fits poorly on your strangely shaped
                  | body. [potion of mutation]
 57601 | Zig:11   | Gained mutation: Your magical capacity is low. (-10% MP)
                  | [potion of mutation]
 57601 | Zig:11   | Lost mutation: You are frail. (-10% HP) [potion of
                  | mutation]
 57602 | Zig:11   | Lost mutation: Your spells are a little easier to cast, but
                  | a little less powerful. [potion of mutation]
 57602 | Zig:11   | Lost mutation: You are weak. (Str -2) [potion of mutation]
 57602 | Zig:11   | Lost mutation: Your body sometimes deteriorates upon taking
                  | damage. [potion of mutation]
 57602 | Zig:11   | Gained mutation: Armour fits poorly on your strangely
                  | shaped body. [potion of mutation]
 57602 | Zig:11   | Gained mutation: Your mind is acute. (Int +2) [potion of
                  | mutation]
 57603 | Zig:11   | Lost mutation: You often lose your temper in combat.
                  | [potion of mutation]
 57603 | Zig:11   | Lost mutation: You tend to lose your temper in combat.
                  | [potion of mutation]
 57603 | Zig:11   | Lost mutation: Armour fits poorly on your strangely shaped
                  | body. [potion of mutation]
 57603 | Zig:11   | Gained mutation: You are sometimes teleported next to
                  | monsters. [potion of mutation]
 57603 | Zig:11   | Gained mutation: You are resistant to electric shocks.
                  | (rElec) [potion of mutation]
 57606 | Zig:12   | Entered Level 12 of a ziggurat
 57643 | Zig:12   | Lost mutation: You are sometimes teleported next to
                  | monsters. [potion of mutation]
 57643 | Zig:12   | Lost mutation: Your mind is acute. (Int +2) [potion of
                  | mutation]
 57643 | Zig:12   | Lost mutation: You are resistant to electric shocks.
                  | (rElec) [potion of mutation]
 57643 | Zig:12   | Gained mutation: You have sharp toenails. [potion of
                  | mutation]
 57643 | Zig:12   | Gained mutation: You evolve. [potion of mutation]
 57643 | Zig:12   | Gained mutation: You have a pair of small horns on your
                  | head. [potion of mutation]
 57643 | Zig:12   | Gained mutation: You are resistant to hostile enchantments.
                  | (MR+) [potion of mutation]
 57662 | Zig:13   | Entered Level 13 of a ziggurat
 57764 | Zig:13   | Identified the Papyrus of the Mutagenic Snowflakes
 57769 | Zig:13   | Got a heavily runed silver ring
 57770 | Zig:13   | Identified the ring "Noij" {+Fly rElec Dex+4 Slay-5 Stlth+}
                  | (You found it on level 13 of a ziggurat)
 57788 | Zig:14   | Entered Level 14 of a ziggurat
 57798 | Zig:14   | Noticed Ysturuw the pandemonium lord
 57798 | Zig:14   | Noticed Dihutocw the pandemonium lord
 57798 | Zig:14   | Noticed Pudamaus the pandemonium lord
 57807 | Zig:14   | Killed Dihutocw the pandemonium lord
 57808 | Zig:14   | Killed Pudamaus the pandemonium lord
 57809 | Zig:14   | Killed Ysturuw the pandemonium lord
 57960 | Zig:14   | Found the +4 moon troll leather armour {Spirit, Regen++
                  | MP+5}
 57961 | Zig:14   | Found the +3 sling "Punk" {acid, rCorr}
 58149 | Zig:15   | Entered Level 15 of a ziggurat
 58189 | Zig:15   | Gained mutation: Armour fits poorly on your strangely
                  | shaped body. [evolution]
 58189 | Zig:15   | Lost mutation: You evolve. [end of evolution]
 58199 | Zig:15   | Identified Ickionah's Catalogue of Entrancing Earth
 58223 | Zig:15   | Lost mutation: Your magical capacity is low. (-10% MP)
                  | [potion of mutation]
 58223 | Zig:15   | Lost mutation: You passively map a small area around you.
                  | [potion of mutation]
 58223 | Zig:15   | Lost mutation: You have a pair of small horns on your head.
                  | [potion of mutation]
 58223 | Zig:15   | Gained mutation: Your system is resistant to poisons.
                  | (rPois) [potion of mutation]
 58223 | Zig:15   | Gained mutation: You are agile. (Dex +2) [potion of
                  | mutation]
 58224 | Zig:15   | Lost mutation: You are resistant to hostile enchantments.
                  | (MR+) [potion of mutation]
 58224 | Zig:15   | Lost mutation: Your system is resistant to poisons. (rPois)
                  | [potion of mutation]
 58224 | Zig:15   | Lost mutation: You are agile. (Dex +2) [potion of mutation]
 58224 | Zig:15   | Gained mutation: You can translocate small distances at
                  | will. [potion of mutation]
 58224 | Zig:15   | Gained mutation: Your muscles are strong. (Str +2) [potion
                  | of mutation]
 58230 | Zig:16   | Entered Level 16 of a ziggurat
 58235 | Zig:16   | Noticed a greater mummy
 58236 | Zig:16   | Noticed a greater mummy
 58236 | Zig:16   | Noticed a greater mummy
 58236 | Zig:16   | Noticed a greater mummy
 58241 | Zig:16   | Noticed a greater mummy
 58242 | Zig:16   | Killed a greater mummy
 58244 | Zig:16   | Killed a greater mummy
 58246 | Zig:16   | Killed a greater mummy
 58247 | Zig:16   | Noticed a greater mummy
 58247 | Zig:16   | Noticed a greater mummy
 58249 | Zig:16   | Killed a greater mummy
 58251 | Zig:16   | Killed a greater mummy
 58254 | Zig:16   | Noticed a greater mummy
 58255 | Zig:16   | Noticed a greater mummy
 58256 | Zig:16   | Found the +4 dagger "Morg" {pain, MR+ Int+5}
 58327 | Pan      | Entered Pandemonium
 58346 | Pan      | Found an exit through the horrors of the Abyss.
 58407 | Pan      | Noticed Nunushod the pandemonium lord
 58413 | Pan      | Killed Nunushod the pandemonium lord
 58558 | Pan      | Entered the realm of Cerebov.
 58660 | Pan      | Identified the +7 glaive "Amikor" {vamp, rN+ MR+}
 58699 | Pan      | Identified the +6 sword of Cerebov {flame}
 58699 | Pan      | Noticed Cerebov
 58714 | Pan      | Killed Cerebov
 58740 | Pan      | Got a fiery rune of Zot
 58790 | Pan      | Got a clouded bronze ring
 58791 | Pan      | Identified the ring of Xyosaust {rPois rC+ Str+8 Int-2
                  | Stlth+} (You found it in Pandemonium)
 58802 | Pan      | Identified the cursed +1 scale mail of Lethargy {rN+++
                  | rCorr Dex-5 Slay+5}
 58802 | Pan      | Identified the ring of Maffus {MR+ Str+4 Int+2 Stlth-}
 58827 | Pan      | Identified Daboq's Catalogue of Displacement
 58929 | Pan      | Found a transporter.
 58973 | Pan      | Found an exit through the horrors of the Abyss.
 59002 | Pan      | Found a transporter.
 59006 | Pan      | Reached skill level 1 in Spellcasting
 59190 | Pan      | Entered the realm of Lom Lobon.
 59289 | Pan      | Noticed Lom Lobon
 59298 | Pan      | Killed Lom Lobon
 59337 | Pan      | Got a magical rune of Zot
 59343 | Pan      | Found an exit through the horrors of the Abyss.
 59353 | Pan      | Took an exit into the Abyss.
 59353 | Abyss:1  | Escaped into the Abyss
 59862 | Abyss:3  | Found a corrupted altar of Lugonu.
 59989 | Abyss:3  | Found a corrupted altar of Lugonu.
 60067 | Abyss:3  | Lost mutation: You can translocate small distances at will.
                  | [a neqoxec]
 60067 | Abyss:3  | Gained mutation: Your body sometimes deteriorates upon
                  | taking damage. [a neqoxec]
 60141 | Abyss:3  | Got an abyssal rune of Zot
 60154 | Abyss:3  | Gained mutation: Potions are less effective at restoring
                  | your health. [a neqoxec]
 60403 | Abyss:3  | Paralysed by accursed screaming for 1 turns
 60457 | Depths:3 | Escaped the Abyss
 60721 | Vaults:2 | Noticed ReniFell's illusion
 60742 | Vaults:2 | Killed Mara
 60800 | Vaults:2 | Found a staircase to the Crypt.
 60803 | Crypt:1  | Entered Level 1 of the Crypt
 60879 | Crypt:3  | Entered Level 3 of the Crypt
 60892 | Crypt:3  | Noticed Sojobo
 60908 | Crypt:3  | Killed Sojobo
 60963 | Crypt:3  | Found a staircase to the Tomb.
 60972 | Tomb:1   | Entered Level 1 of the Tomb of the Ancients
 61021 | Tomb:1   | Reached skill level 5 in Spellcasting
 61086 | Tomb:1   | Noticed a greater mummy
 61094 | Tomb:1   | Noticed an ancient lich
 61106 | Tomb:1   | Killed a greater mummy
 61106 | Tomb:1   | Reached skill level 27 in Unarmed Combat
 61113 | Tomb:1   | Killed an ancient lich
 61516 | Tomb:2   | Noticed a greater mummy
 61516 | Tomb:2   | Noticed a greater mummy
 61517 | Tomb:2   | Noticed a greater mummy
 61518 | Tomb:2   | Noticed a greater mummy
 61521 | Tomb:2   | Killed a greater mummy
 61524 | Tomb:2   | Killed a greater mummy
 61527 | Tomb:2   | Killed a greater mummy
 61528 | Tomb:2   | Reached skill level 27 in Fighting
 61533 | Tomb:2   | Killed a greater mummy
 61691 | Tomb:1   | Noticed a greater mummy
 61697 | Tomb:1   | Killed a greater mummy
 61698 | Tomb:1   | Noticed a greater mummy
 61707 | Tomb:1   | Killed a greater mummy
 61753 | Tomb:1   | Noticed a greater mummy
 61757 | Tomb:1   | Killed a greater mummy
 61758 | Tomb:1   | Noticed a greater mummy
 61763 | Tomb:1   | Killed a greater mummy
 61798 | Tomb:1   | Noticed a greater mummy
 61807 | Tomb:1   | Noticed a greater mummy
 61819 | Tomb:1   | Killed a greater mummy
 61822 | Tomb:1   | Killed a greater mummy
 61850 | Tomb:1   | Noticed a greater mummy
 61861 | Tomb:1   | Noticed a greater mummy
 61863 | Tomb:1   | Noticed a greater mummy
 61864 | Tomb:1   | Killed a greater mummy
 61867 | Tomb:1   | Killed a greater mummy
 61876 | Tomb:1   | Killed a greater mummy
 61934 | Tomb:1   | Noticed a greater mummy
 61939 | Tomb:1   | Killed a greater mummy
 61942 | Tomb:1   | Noticed a greater mummy
 61946 | Tomb:1   | Noticed a greater mummy
 61953 | Tomb:1   | Killed a greater mummy
 61953 | Tomb:1   | Noticed a greater mummy
 61957 | Tomb:1   | Killed a greater mummy
 61962 | Tomb:1   | Killed a greater mummy
 62073 | Tomb:2   | Paralysed by the power of Zot for 2 turns
 62165 | Tomb:3   | Entered Level 3 of the Tomb of the Ancients
 62175 | Tomb:3   | Noticed a greater mummy
 62175 | Tomb:3   | Noticed a greater mummy
 62213 | Tomb:3   | Noticed a greater mummy
 62218 | Tomb:3   | Killed a greater mummy
 62241 | Tomb:3   | Killed a greater mummy
 62264 | Tomb:3   | Killed a greater mummy
 62267 | Tomb:3   | Noticed a greater mummy
 62271 | Tomb:3   | Killed a greater mummy
 62303 | Tomb:3   | Noticed a greater mummy
 62317 | Tomb:3   | Killed a greater mummy
 62367 | Tomb:3   | Noticed a greater mummy
 62382 | Tomb:3   | Killed a greater mummy
 62412 | Tomb:3   | Noticed a greater mummy
 62412 | Tomb:3   | Noticed a greater mummy
 62414 | Tomb:3   | Killed a greater mummy
 62418 | Tomb:3   | Killed a greater mummy
 62445 | Tomb:3   | Reached skill level 10 in Spellcasting
 62528 | Tomb:3   | Got a golden rune of Zot
 62688 | Tomb:3   | Identified the Almanac of Burning Stones
 62693 | Tomb:3   | Got a pitted ivory ring
 62694 | Tomb:3   | Identified the ring "Nonouf" {+Fly rF+} (You found it on
                  | level 3 of the Tomb of the Ancients)
 62700 | Tomb:3   | Got a glittering pewter ring
 62701 | Tomb:3   | Identified the ring "Trusted Companion" {rPois rF+ rC- MR++
                  | Int+4} (You found it on level 3 of the Tomb of the
                  | Ancients)
 63262 | Zot:1    | Entered Level 1 of the Realm of Zot
 63626 | Zot:2    | Noticed an orb of fire
 63634 | Zot:2    | Killed an orb of fire
 63884 | Zot:5    | Entered Level 5 of the Realm of Zot
 63954 | Zot:5    | Noticed an ancient lich
 63954 | Zot:5    | Noticed an orb of fire
 63954 | Zot:5    | Noticed an orb of fire
 63954 | Zot:5    | Noticed an orb of fire
 63956 | Zot:5    | Gained mutation: You are frail. (-10% HP) [an orb of fire]
 63956 | Zot:5    | Gained mutation: Your body often deteriorates upon taking
                  | damage. [an orb of fire]
 63957 | Zot:5    | Killed an ancient lich
 63960 | Zot:5    | Lost mutation: Your muscles are strong. (Str +2) [an orb of
                  | fire]
 63961 | Zot:5    | Killed an orb of fire
 63964 | Zot:5    | Killed an orb of fire
 63966 | Zot:5    | Killed an orb of fire
 63981 | Zot:5    | Noticed an ancient lich
 63988 | Zot:5    | Killed an ancient lich
 64021 | Zot:5    | Noticed an ancient lich
 64023 | Zot:5    | Killed an ancient lich
 64109 | Zot:5    | Got the Orb of Zot
 64118 | Zot:5    | Noticed an ancient lich
 64126 | Zot:5    | Killed an ancient lich
 64147 | Zot:5    | Noticed an ancient lich
 64206 | Zot:4    | Noticed a seraph
 64214 | Zot:4    | Killed a seraph
 64866 | D:$      | Escaped with the Orb!

Vault maps used:
D:1:      mrwooster_arrival_statue_2, hex_intersection, hex_large
D:2:      uniq_sigmund
D:3:      marbit_many_paths, kennysheep_another_room, minmay_crystal_water,
          okawaru_trees_1
D:4:      temple_fountains, first_ration, serial_shops,
          nicolae_shop_temple_entry_statues_fountains, uniq_crazy_yiuf_cottage,
          uniq_pikel
D:5:      ebering_ghost_reflecting_pool, cheibrodos_sewer_entry_bend,
          enter_ossuary_4
D:6:      ebering_ghost_sewer_f
D:7:      elyvilon_altar_4, kennysheep_little_box, serial_shops, shop,
          uniq_duvessa
D:8:      nicolae_overflow_crystal_walls, gammafunk_temple_overflow_elements,
          ebering_ghost_rock_garden
D:9:      tgw_fedhas, evilmike_ruin_ashenzari, cheibriados_altar_1,
          serial_gnoll_camp, gnoll_camp_mini_shop, gnoll_camp_mini_hut,
          gnoll_camp_medium_01, serial_shops, shop, lemuel_oklob_altar,
          uniq_harold
D:10:     basic_altar, uniq_grum
D:11:     lemuel_ice_statue, lair_entry_dummy, serial_shops, shop,
          grunt_ogre_cave, nicolae_antique_artefacts
D:12:     serial_bayou_ford_a, minivault_13
D:13:     serial_undead, serial_undead_f, serial_undead_e, serial_undead_c,
          serial_undead_d, serial_undead_c, serial_undead_e, enter_bailey_3
D:14:     erik_vaults_2, minmay_misc_feat_five
D:15:     grunt_enter_depths_hoard, minmay_misc_feat_cross
Temple:   nicolae_temple_god_jail
Lair:1:   serial_bayou_pond_b
Lair:2:   lemuel_fruit_tree, uniq_gastronok
Lair:3:   chequers_serial_rivers_small_3, minmay_lair_oklob_chamber
Lair:4:   minmay_swamp_entry_reptiles, minmay_snake_entry_guardpost_small,
          beast_lair_carwin_1
Lair:5:   portal_ice_cave_entry_ice_beasts, beast_lair_carwin_9, uniq_urug,
          uniq_nessos
Lair:6:   gammafunk_lair_ancient_temple, minmay_slime_entry_pillars,
          serial_bayou_lake_a, uniq_rupert
Swamp:1:  nicolae_swamp_dense_foliage, infiniplex_staircase_pool
Swamp:2:  nicolae_swamp_trees_clearing, infiniplex_staircase_pool_2
Swamp:3:  hangedman_swamp_cone, uniq_louise
Swamp:4:  swamp_pestilence, ebering_ghost_disaster_area
Snake:4:  grunt_snake_rune_spirals, nrook_guardian_serpent_double
Slime:4:  basic_altar
Orc:1:    basic_altar, mines3_lemuel
Orc:2:    st_orc_elflike, serial_shops, shop
Elf:1:    elf_arrival_001, minmay_elf_sorcery, nooodl_food_tri, minmay_shop_star
Elf:2:    serial_shops, shop, uniq_donald, uniq_roxanne
Vaults:1: nicolae_vaults_network_quincunx, ontoclasm_vaults_ring_small,
          hangedman_vaults_restitches, vaults_dpeg_encased_lava,
          v_alt_pattern_5, grunt_vaults_hallway_short,
          hangedman_vaults_restitches, ontoclasm_vaults_eye
Vaults:2: vaults_room_octagon, minmay_crypt_entry_simple_box,
          ontoclasm_vaults_misaligned, v_misc_33, v_pattern_4,
          ontoclasm_vaults_shuriken, v_misc_4, nicolae_vaults_big_ls,
          vaults_room_stairs_pillars, v_misc_32, vaults_room_grid,
          infiniplex_enter_wizlab_water, serial_shops, shop_statue,
          portal_desolation_entry_salt, uniq_mara, uniq_xtahua
Vaults:3: vaults_room_glass_cross, ontoclasm_vaults_claustrophobia,
          hangedman_vaults_slither, vaults_dpeg_hooks, vaults_room_boxed,
          v_alt_pattern_4, hangedman_vaults_unwind, v_misc_29,
          nicolae_vaults_little_squares_3, nicolae_vaults_yaktaur_gun_rack,
          hangedman_vaults_trim, serial_ice_m, ontoclasm_vaults_pinch,
          grunt_vaults_diagonal
Vaults:4: grunt_vaults_focal, v_alt_pattern_3, vaults_dpeg_doors,
          nicolae_vaults_little_ls, v_misc_11, nicolae_vaults_murderbox
Crypt:2:  ebering_ghost_xom
Crypt:3:  david_glass_crypt, tomb_entry_simple_bobbens, uniq_sojobo
Depths:1: minmay_connected_boxes_in_corner, tso_metal_star, hell_entry,
          grunt_ministairs_10, kennysheep_boxes
Depths:2: minmay_the_grid_octo_tiled_octocenter, enter_ziggurat_e,
          pf_coc_iceberg, serial_glass, glass_columns_c, glass_columns_a,
          abyss_entry, special_room, infiniplex_staircase_door_maze
Depths:3: evilmike_horseshoe, pf_hell_entry_great_geh,
          minmay_misc_feat_four_crosses, rand_demon_pan_entry_9,
          minmay_staircase_bubble
Depths:4: kennysheep_six_static_rooms, serial_shops, nicolae_shop_crystal,
          nemelex_xobeh_ov_fountains_minmay, abyss_entry, lightli_too_deep,
          infiniplex_staircase_star
Depths:5: grunt_zot_entry_pinwheel, minmay_misc_feat_secret_circle, hell_entry,
          guppyfry_shop_earth
Dis:7:    iron_city_of_dis
Geh:1:    lemuel_old_faithful
Geh:2:    lemuel_flamethrower_2
Geh:5:    nicolae_geh_fiery_graves
Geh:7:    geh_mu
Coc:5:    special_room
Coc:6:    grunt_deathspiral_small
Coc:7:    coc_grunt
Tar:1:    nicolae_tar_cuneiform_two, nicolae_tar_cuneiform_water,
          evilmike_ambush
Tar:2:    nicolae_tar_cuneiform_city
Tar:3:    nicolae_tar_cuneiform_city
Tar:7:    tar_grunt_cathedral
Zot:1:    regret_index_qazlal_generations
Zot:2:    lemuel_firehouse
Zot:3:    gammafunk_mikee_crab_dinner
Zot:5:    grunt_ministairs_4
Abyss:1:  hangedman_illusive_loot, evilmike_abyss_exit_15
Abyss:3:  hangedman_shadowy_showcase
Pan:      evilmike_mini_pan_other_thingy, evilmike_mini_pan_layers,
          pan_blood_fountain_small, nicolae_pan_door_chamber,
          pan_blood_fountain, pan_blood_fountain_small, pan_blood_fountain_2,
          evilmike_mini_pan_doors, grunt_pan_frozen_over, pan_blood_fountain,
          rand_demon_3, nicolae_pan_gloorx_vloqian_2, evilmike_mini_pan_doors_b,
          reaverb_pan_chaos_star, evilmike_mini_pan_diamond, uniq_mennas_pan,
          evilmike_mnoleg_eyes, rand_demon_8, evilmike_mini_pan_pillars,
          pan_blood_fountain_small, nicolae_pan_cerebovesque_2,
          gloorx_vloq_grunt, grunt_pan_sceptre,
          evilmike_mini_pan_possible_glass, rand_demon_9,
          pan_blood_fountain_small, cerebov, pan_blood_fountain_2,
          nicolae_pan_lom_lobonic_2, pan_captured_pigsty, gammafunk_the_bubble,
          evilmike_mini_pan_3x3, pan_blood_fountain_small,
          evilmike_mini_pan_rooms, lom_lobon_st, pan_blood_fountain
Zig:1:    ziggurat_pillar_centre_c
Zig:9:    ziggurat_pillar_centre_oklobs
Sewer:    sewer_fruit_machine
Ossuary:  ossuary_minmay_scorpions
Bailey:   bailey_polearm_5, bailey
IceCv:    ice_cave_statue_garden_transporter
WizLab:   wizlab_iskenderun

Skill      XL: |  1  2  3  4  5  6  7  8  9 10 11 12 13 14 15 16 17 18 19 20 21 22 23 24 25 26 27 |
---------------+----------------------------------------------------------------------------------+-----
Unarmed Combat | 4 5 7 9 11 13 14 15 16 17 18 19 20 21 27 | 27.0
Fighting       | 5 7 9 10 11 12 13 14 15 16 17 18 19 27 | 27.0
Invocations    | 4 7 9 10 12 13 | 13.5
Shields        | 4 6 8 10 12 13 14 15 | 15.7
Transmutations | 2 5 6 8 9 11 | 11.9
Earth Magic    | 2 5 7 9 10 12 14 15 16 | 16.2
Dodging        | 6 9 12 14 15 25 | 25.9
Translocations | 2 5 6 13 | 13.2
Necromancy     | 4 13 | 13.7
Spellcasting   | 13 | 13.9
Stealth        | |  1.0

Action                   |  1- 3 |  4- 6 |  7- 9 | 10-12 | 13-15 | 16-18 | 19-21 | 22-24 | 25-27 || total
-------------------------+-------+-------+-------+-------+-------+-------+-------+-------+-------++-------
Melee: Unarmed           |    48 |   173 |   367 |   517 |   993 |  1341 |  1495 |   985 |  4880 || 10799
       Punch             |       |     6 |     1 |       |       |       |       |       |       ||     7
       Scimitar          |       |       |       |       |       |    33 |       |       |       ||    33
       Peck              |       |       |       |       |       |       |       |    40 |  1174 ||  1214
       Kick              |       |       |       |       |       |       |       |       |  1040 ||  1040
       Headbutt          |       |       |       |       |       |       |       |       |    22 ||    22
Throw: Large rock        |       |       |       |     2 |    13 |    14 |     9 |     3 |     7 ||    48
       Throwing net      |       |       |       |       |     6 |       |       |       |     1 ||     7
 Cast: Apportation       |       |       |       |       |       |       |     1 |     1 |    39 ||    41
       Statue Form       |       |       |       |       |       |       |     4 |    41 |   260 ||   305
       Borgnjor's Vile C |       |       |       |       |       |       |       |     2 |    20 ||    22
       Regeneration      |       |       |       |       |       |       |       |       |   117 ||   117
       Lesser Beckoning  |       |       |       |       |       |       |       |       |    72 ||    72
       Passage of Golubr |       |       |       |       |       |       |       |       |    11 ||    11
Invok: Slouch            |       |       |       |       |     9 |     7 |    24 |     9 |    62 ||   111
       Step From Time    |       |       |       |       |       |       |     1 |       |     1 ||     2
 Abil: End Transformatio |       |       |       |       |       |       |       |       |     1 ||     1
Evoke: Wand              |       |       |     1 |    19 |    41 |    11 |     1 |     4 |    16 ||    93
       Lamp of fire      |       |       |       |       |       |       |     1 |       |       ||     1
  Use: Potion            |       |       |     2 |       |       |     4 |     6 |     2 |    42 ||    56
       Scroll            |       |       |       |     6 |    28 |     9 |    11 |     4 |    62 ||   120
 Stab: Sleeping          |     1 |     3 |     1 |    11 |     8 |     7 |     2 |     2 |     8 ||    43
       Confused          |       |       |     2 |       |       |       |       |     1 |       ||     3
       Distracted        |       |       |     1 |     3 |     5 |     3 |     6 |     1 |     9 ||    28
       Paralysed         |       |       |       |       |     3 |     2 |       |       |       ||     5
       Held in net/web   |       |       |       |       |     2 |       |       |       |       ||     2
  Eat: Chunk             |     8 |    25 |    30 |    58 |    56 |    67 |    68 |    63 |   126 ||   501
       Ration            |       |       |       |       |       |     1 |     1 |     5 |    64 ||    71
Armor: Robe              |    22 |    29 |    65 |   133 |    97 |       |       |       |       ||   346
       Skin              |       |       |       |     7 |     4 |       |    29 |   347 |  1647 ||  2034
       Troll leather arm |       |       |       |       |   169 |   266 |   243 |    87 |   155 ||   920
Dodge: Dodged            |    31 |    74 |    90 |   155 |   241 |   222 |   215 |   504 |  5040 ||  6572
       Deflected         |       |       |       |     2 |    10 |    71 |    35 |    37 |    14 ||   169
Block: Shield            |       |       |    74 |   213 |     7 |       |       |       |       ||   294
       Large shield      |       |       |       |       |   979 |  1495 |  1628 |  1620 |  9036 || 14758
       Reflection        |       |       |       |       |       |       |   125 |    95 |    12 ||   232
       Rpst.: Scimitar   |       |       |       |       |       |     3 |       |       |       ||     3

Table legend:
 A = Non-vault XP
 B = Vault XP
 C = Vault XP percentage of total XP
 D = Non-vault monster count
 E = Vault monster count
 F = Vault count percentage of total count
                 A         B        C        D         E       F
            +---------+---------+-------+---------+---------+-------
      Total | 2179960 | 1628679 |  42.8 |    3361 |    1456 |  30.2
            +---------+---------+-------+---------+---------+-------
        D:1 |     103 |       0 |   0.0 |      24 |       0 |   0.0
        D:2 |     183 |     231 |  55.8 |      25 |       1 |   3.8
        D:3 |      33 |       4 |  10.8 |      11 |       1 |   8.3
        D:4 |     598 |     646 |  51.9 |      23 |       2 |   8.0
        D:5 |     946 |      12 |   1.3 |      17 |       4 |  19.0
        D:6 |     858 |       0 |   0.0 |      17 |       0 |   0.0
        D:7 |    1120 |     223 |  16.6 |      25 |       2 |   7.4
        D:8 |    1798 |     890 |  33.1 |      25 |       1 |   3.8
        D:9 |    3913 |    1854 |  32.1 |      35 |      16 |  31.4
       D:10 |     342 |     650 |  65.5 |       8 |       5 |  38.5
       D:11 |    4339 |     882 |  16.9 |      25 |       1 |   3.8
       D:12 |    1836 |     568 |  23.6 |      14 |       1 |   6.7
       D:13 |    6120 |   10276 |  62.7 |      36 |      24 |  40.0
       D:14 |   14493 |    5951 |  29.1 |      38 |       6 |  13.6
       D:15 |   22514 |    3181 |  12.4 |      57 |       3 |   5.0
     Lair:1 |     777 |     754 |  49.2 |       6 |       4 |  40.0
     Lair:2 |    4675 |    2255 |  32.5 |      21 |       1 |   4.5
     Lair:3 |    7905 |    1318 |  14.3 |      32 |       5 |  13.5
     Lair:4 |    5704 |    2222 |  28.0 |      21 |      13 |  38.2
     Lair:5 |    7319 |    3591 |  32.9 |      23 |      12 |  34.3
     Lair:6 |   22772 |   14409 |  38.8 |      64 |      33 |  34.0
    Swamp:1 |   11363 |       0 |   0.0 |      19 |       0 |   0.0
    Swamp:2 |    9986 |       0 |   0.0 |      19 |       0 |   0.0
    Swamp:3 |   10631 |    1724 |  14.0 |      22 |       1 |   4.3
    Swamp:4 |    7508 |   15962 |  68.0 |      23 |      44 |  65.7
    Snake:1 |   17695 |       0 |   0.0 |      35 |       0 |   0.0
    Snake:2 |   16912 |       0 |   0.0 |      28 |       0 |   0.0
    Snake:3 |   23289 |       0 |   0.0 |      42 |       0 |   0.0
    Snake:4 |   27049 |   57628 |  68.1 |      39 |      94 |  70.7
    Slime:1 |   10625 |       0 |   0.0 |      16 |       0 |   0.0
    Slime:2 |   11204 |       0 |   0.0 |      15 |       0 |   0.0
    Slime:3 |    9530 |       0 |   0.0 |      19 |       0 |   0.0
    Slime:4 |   27538 |       0 |   0.0 |      50 |       0 |   0.0
    Slime:5 |   14913 |   31420 |  67.8 |      20 |      13 |  39.4
      Orc:1 |    3487 |       0 |   0.0 |      34 |       0 |   0.0
      Orc:2 |    2382 |    8262 |  77.6 |      15 |      24 |  61.5
      Elf:1 |   15418 |   11896 |  43.6 |      28 |      18 |  39.1
      Elf:2 |    7699 |    5414 |  41.3 |      15 |       5 |  25.0
   Vaults:1 |   49851 |   22495 |  31.1 |      80 |      28 |  25.9
   Vaults:2 |   17560 |   22435 |  56.1 |      37 |      15 |  28.8
   Vaults:3 |   23938 |   16596 |  40.9 |      36 |      26 |  41.9
   Vaults:4 |   17108 |   42155 |  71.1 |      23 |      32 |  58.2
   Vaults:5 |   22124 |  106940 |  82.9 |      35 |      67 |  65.7
    Crypt:1 |   10999 |       0 |   0.0 |      16 |       0 |   0.0
    Crypt:2 |    9883 |       0 |   0.0 |      11 |       0 |   0.0
    Crypt:3 |    7535 |   15668 |  67.5 |      12 |       9 |  42.9
     Tomb:1 |   17361 |  129750 |  88.2 |      41 |      49 |  54.4
     Tomb:2 |   14936 |   53726 |  78.2 |      27 |      53 |  66.2
     Tomb:3 |    8507 |  106806 |  92.6 |      26 |      90 |  77.6
   Depths:1 |   32917 |   28322 |  46.2 |      55 |      30 |  35.3
   Depths:2 |   41146 |   57316 |  58.2 |      42 |      52 |  55.3
   Depths:3 |   21833 |   13019 |  37.4 |      31 |      15 |  32.6
   Depths:4 |   45832 |    8936 |  16.3 |      44 |       9 |  17.0
   Depths:5 |   49892 |   26567 |  34.7 |      35 |      16 |  31.4
       Hell |   16167 |   47336 |  74.5 |      15 |      61 |  80.3
      Dis:1 |    2082 |       0 |   0.0 |       2 |       0 |   0.0
      Dis:2 |    5270 |       0 |   0.0 |      10 |       0 |   0.0
      Dis:3 |   21303 |       0 |   0.0 |      41 |       0 |   0.0
      Dis:4 |    3682 |       0 |   0.0 |      12 |       0 |   0.0
      Dis:5 |   20970 |       0 |   0.0 |      43 |       0 |   0.0
      Dis:6 |   37686 |       0 |   0.0 |      63 |       0 |   0.0
      Dis:7 |   77478 |  106940 |  58.0 |      93 |      74 |  44.3
      Geh:1 |    1027 |       0 |   0.0 |       5 |       0 |   0.0
      Geh:2 |   20143 |       0 |   0.0 |      26 |       0 |   0.0
      Geh:3 |   26334 |       0 |   0.0 |      39 |       0 |   0.0
      Geh:4 |   22003 |       0 |   0.0 |      37 |       0 |   0.0
      Geh:5 |    4145 |       0 |   0.0 |      11 |       0 |   0.0
      Geh:6 |   33989 |       0 |   0.0 |      81 |       0 |   0.0
      Geh:7 |   32822 |   53651 |  62.0 |      72 |      31 |  30.1
      Coc:1 |     433 |       0 |   0.0 |       2 |       0 |   0.0
      Coc:2 |    4288 |       0 |   0.0 |      15 |       0 |   0.0
      Coc:3 |    1313 |       0 |   0.0 |       5 |       0 |   0.0
      Coc:4 |    7282 |       0 |   0.0 |      16 |       0 |   0.0
      Coc:5 |   26993 |       0 |   0.0 |      38 |       0 |   0.0
      Coc:6 |   64858 |   21071 |  24.5 |      94 |      33 |  26.0
      Coc:7 |   80880 |   68152 |  45.7 |      88 |      40 |  31.2
      Tar:1 |    9927 |   14656 |  59.6 |       7 |      22 |  75.9
      Tar:2 |   25127 |       0 |   0.0 |      44 |       0 |   0.0
      Tar:3 |    8645 |       0 |   0.0 |      17 |       0 |   0.0
      Tar:4 |   51682 |       0 |   0.0 |      43 |       0 |   0.0
      Tar:5 |     219 |       0 |   0.0 |       1 |       0 |   0.0
      Tar:6 |   11756 |       0 |   0.0 |      18 |       0 |   0.0
      Tar:7 |   56645 |   61015 |  51.9 |      87 |      32 |  26.9
      Zot:1 |   26657 |       0 |   0.0 |      12 |       0 |   0.0
      Zot:2 |   41334 |   23319 |  36.1 |      28 |      31 |  52.5
      Zot:3 |    1855 |       0 |   0.0 |       2 |       0 |   0.0
      Zot:4 |   63390 |       0 |   0.0 |      30 |       0 |   0.0
      Zot:5 |   56461 |  123858 |  68.7 |      37 |      30 |  44.8
    Abyss:2 |   16009 |       0 |   0.0 |      32 |       0 |   0.0
    Abyss:3 |   66223 |    9130 |  12.1 |     132 |       7 |   5.0
        Pan |  259015 |  226076 |  46.6 |     284 |     127 |  30.9
      Zig:1 |    2049 |       0 |   0.0 |       2 |       0 |   0.0
      Zig:2 |    2115 |       0 |   0.0 |       3 |       0 |   0.0
      Zig:3 |    4215 |       0 |   0.0 |       3 |       0 |   0.0
      Zig:4 |    4090 |       0 |   0.0 |       8 |       0 |   0.0
      Zig:5 |    8854 |       0 |   0.0 |      14 |       0 |   0.0
      Zig:6 |    8998 |       0 |   0.0 |       7 |       0 |   0.0
      Zig:7 |    6395 |       0 |   0.0 |      12 |       0 |   0.0
      Zig:8 |   14639 |       0 |   0.0 |      11 |       0 |   0.0
      Zig:9 |    8758 |    3946 |  31.1 |      19 |       7 |  26.9
     Zig:10 |   15422 |       0 |   0.0 |      15 |       0 |   0.0
     Zig:11 |   19256 |       0 |   0.0 |      21 |       0 |   0.0
     Zig:12 |   13066 |       0 |   0.0 |      24 |       0 |   0.0
     Zig:13 |   23641 |     737 |   3.0 |      31 |       1 |   3.1
     Zig:14 |   46030 |       0 |   0.0 |      21 |       0 |   0.0
     Zig:15 |   31366 |       0 |   0.0 |      23 |       0 |   0.0
     Zig:16 |   37974 |       0 |   0.0 |      28 |       0 |   0.0
      Sewer |       0 |      62 | 100.0 |       0 |      18 | 100.0
    Ossuary |       0 |    1121 | 100.0 |       0 |      36 | 100.0
     Bailey |       0 |    3570 | 100.0 |       0 |      40 | 100.0
      IceCv |       0 |    2767 | 100.0 |       0 |      10 | 100.0
     WizLab |       0 |   28318 | 100.0 |       0 |      31 | 100.0
            +---------+---------+-------+---------+---------+-------
